 Dungeon Crawl Stone Soup version 0.21-a0-265-gb353147 (webtiles) character file.

1373720 Goblin1989 the Merry Naga (level 27, -5/292 (298) HPs)
             Began as a Naga Berserker on Aug 30, 2017.
             Was the Champion of the Shining One.
             Killed by divine providence
             ... invoked by a greater mummy
              (17 damage)
             ... on level 3 of the Tomb of the Ancients on Sept 11, 2017.
             The game lasted 10:37:23 (121898 turns).

Goblin1989 the Merry Naga (Naga Berserker)        Turns: 121898, Time: 10:37:24

HP:   -5/292 (298)  AC: 68    Str: 29    XL:     27
MP:   32/40         EV: 23    Int: 16    God:    the Shining One [******]
Gold: 9244          SH: 17    Dex: 10    Spells: 23/44 levels left

rFire    + + +     SeeInvis +   a - +9 executioner's axe (holy) {god gift}
rCold    + + +     Gourm    .   (shield currently unavailable)
rNeg     + + +     Faith    .   t - +12 gold dragon scales
rPois    +         Spirit   .   O - +2 helmet
rElec    +         Reflect  .   F - +4 dragonskin cloak
rCorr    +         Harm     .   n - +1 pair of gloves of the Devil's Team {Int+7}
MR       ++++.                  N - +6 lightning scales {run, rElec}
Stlth    ..........             L - amulet "Viogul" {MR+ Regen+}
HPRegen  0.98/turn              Q - ring "Neffe" {rElec rPois rF+ AC+2 Int+3}
MPRegen  0.27/turn              W - ring of Phasing {EV+8, =R}

@: lethally poisoned (-5 -> -6), divine shield, resistant, very slightly
contaminated, slowed, glowing, very slow
A: repulsion field 1, camouflage 1, see invisible, clumsy 1, deformed body,
dopey 1, poison resistance, screaming 3, slowness 2, slow metabolism 1, spit
poison 1, weak 1, wild magic 1, constrict 1, sturdy frame 1, AC +9
}: 14/15 runes: serpentine, barnacled, slimy, silver, iron, obsidian, icy, bone,
abyssal, demonic, glowing, magical, fiery, dark
a: Spit Poison, Divine Shield, Cleansing Flame, Summon Divine Warrior, Renounce
Religion


You were on level 3 of the Tomb of the Ancients.
You worshipped the Shining One.
The Shining One was exalted by your worship.
You were very full.

You visited 18 branches of the dungeon, and saw 90 of its levels.
You visited Pandemonium 1 time, and saw 25 of its levels.
You visited the Abyss 3 times.
You visited 1 ziggurat, and saw 17 of its levels.
You also visited: Labyrinth, Trove, Ice Cave and Wizlab.

You collected 15185 gold pieces.
You spent 5941 gold pieces at shops.

Inventory:

Hand Weapons
 a - a +9 executioner's axe of holy wrath (weapon) {god gift}
 b - a +9 longbow of freezing {god gift}
Missiles
 U - 2119 arrows
Armour
 n - the +1 pair of gloves of the Devil's Team (worn) {Int+7}
   (You found it on level 13 of a ziggurat)

   It affects your intelligence (+7).
 q - a +2 pair of gloves of archery
 t - +12 gold dragon scales (worn)
 F - the +4 dragonskin cloak (worn)
   (You took it off Tiamat on level 3 of the Realm of Zot)
 N - the +6 lightning scales (worn) {run, rElec}
   (You found it on level 3 of the Elven Halls)

   It insulates you from electricity.
 O - a +2 helmet (worn)
 P - a scarf of resistance
Magical Staves
 w - an uncursed staff of wizardry {!a}
Jewellery
 c - an uncursed ring of protection from cold
 f - an uncursed ring of protection from fire
 g - an uncursed ring of resist corrosion
 x - a +4 ring of protection
 C - a ring of the Octopus King {rF+ AC+1 EV+1 Str+1 Int+1 Dex+1}
   (You found it on level 10 of a ziggurat)

   [ring of protection from fire]

   It affects your AC (+1).
   It affects your evasion (+1).
   It affects your strength (+1).
   It affects your intelligence (+1).
   It affects your dexterity (+1).
   It protects you from fire.
 I - the amulet of the Air {Inacc +Fly rElec EV+5 RMsl}
   (You found it on level 3 of the Elven Halls)

   [amulet of inaccuracy]

   It reduces the accuracy of all your attacks.
   It affects your evasion (+5).
   It insulates you from electricity.
   It lets you fly.
   It protects you from missiles.
 L - the amulet "Viogul" (around neck) {MR+ Regen+}
   (You bought it in a shop on level 3 of the Depths)

   [amulet of regeneration]

   It affects your resistance to hostile enchantments.
   It increases your rate of regeneration.
 Q - the ring "Neffe" (left hand) {rElec rPois rF+ AC+2 Int+3}
   (You acquired it on level 5 of the Pits of Slime)

   [ring of protection]

   It affects your AC (+2).
   It affects your intelligence (+3).
   It protects you from fire.
   It insulates you from electricity.
   It protects you from poison.
 W - the ring of Phasing (right hand) {EV+8, =R}
   (You bought it in a shop on level 3 of the Elven Halls)

   [ring of evasion]

   It affects your evasion (+8).
Scrolls
 l - 5 scrolls of holy word
 m - 3 scrolls of summoning
 p - 5 scrolls of silence
 u - 34 scrolls of remove curse {@r2}
 y - 8 scrolls of recharging
 B - 6 scrolls of blinking
 M - 3 scrolls of magic mapping
 R - a scroll of identify {@r1}
 T - 44 scrolls of teleportation {!r, @r3}
 V - 3 scrolls of immolation
 X - 8 scrolls of fear
 Y - 9 scrolls of fog
Potions
 d - 3 potions of haste {@q3, !q}
 i - 3 potions of might
 j - 11 potions of heal wounds {@q2, !q}
 v - 9 potions of ambrosia
 z - 6 potions of mutation {!q}
 E - a potion of resistance
 J - 19 potions of curing {@q1}
 K - 7 potions of agility
 S - 2 potions of cancellation
Miscellaneous
 G - 5 boxes of beasts
 Z - 3 phantom mirrors
Comestibles
 e - 23 bread rations {@e1}
 h - 42 meat rations {@e2}


   Skills:
 O Level 27 Fighting
 O Level 27 Axes
 O Level 27 Bows
 + Level 22.4 Armour
 + Level 26.8 Dodging
 - Level 0.4 Stealth
 - Level 9.0 Spellcasting
 * Level 9.1 Hexes
 - Level 16.0 Summonings
 - Level 10.3 Translocations
 O Level 27 Invocations
 - Level 5.0 Evocations


You had 23 spell levels left.
You knew the following spells:

 Your Spells              Type           Power        Failure   Level  Hunger
a - Lesser Beckoning      Tloc           ######....   4%          3    #......
g - Passage of Golubria   Tloc           N/A          13%         4    ###....
j - Portal Projectile     Hex/Tloc       #####.       5%          3    #......
y - Song of Slaying       Chrm           #.......     73%         2    None
A - Aura of Abjuration    Summ           ######....   4%          5    #####..
B - Summon Butterflies    Summ           ######..     1%          1    None
W - Spectral Weapon       Hex/Chrm       ####....     34%         3    #......


Dungeon Overview and Level Annotations

Branches:
Dungeon (15/15)            Temple (1/1) D:5            Lair (6/6) D:9
 Shoals (4/4) Lair:3        Snake (4/4) Lair:4        Slime (5/5) Lair:6
    Orc (2/2) D:9             Elf (3/3) Orc:2        Vaults (5/5) D:13
  Crypt (3/3) Vaults:3       Tomb (3/3) Crypt:3      Depths (5/5) D:15
   Hell (1/1)                 Dis (7/7) Hell            Geh (7/7) Hell
    Coc (7/7) Hell            Tar (7/7) Hell            Zot (5/5) Depths:5

Altars:
Ashenzari
Cheibriados
Dithmenos
Elyvilon
Fedhas
Gozag
Hepliaklqana
Kikubaaqudgha
Makhleb
Nemelex Xobeh
Okawaru
Qazlal
Ru
Sif Muna
Trog
Uskayaw
Vehumet
Wu Jian
Xom
Yredelemnul
Zin
The Shining One
Jiyva
Lugonu

Shops:
Orc:1 *   Orc:2 [(:(   Elf:2 !   Elf:3 =([   Shoals:1 [   Vaults:1 [
Depths:3 =}=

Portals:
Hell: Depths:1 Depths:2 Depths:3 Depths:4 Depths:5
Abyss: Depths:1 Depths:2 Depths:3 Depths:4 Depths:5
Pandemonium: Depths:2 Depths:3 Depths:4

Annotations:
D:4 exclusion: downstairs
D:6 exclusion: door
D:11 1 runed door
D:13 1 runed door
Lair:2 exclusion: 2 oklob plants
Shoals:1 !
Elf:2 4 runed doors
Depths:2 exclusion: obsidian statue
Depths:3 exclusion: ice statue
Hell exclusion: ice statue
Zot:5 1 exclusion


Innate Abilities, Weirdness & Mutations

You cannot wear boots.
Your serpentine skin is tough. (AC +9)
You have supernaturally acute eyesight. (SInv)
Armour fits poorly on your strangely shaped body.
Your system is resistant to poisons. (rPois)
You cover ground very slowly.
You have a slow metabolism.
You can spit poison.
You can use your snake-like lower body to constrict enemies.
You are surrounded by a mild repulsion field. (EV +2)
Your skin changes colour to match your surroundings (Stealth+).
You are clumsy. (Dex -2)
You are dopey. (Int -2)
You frequently scream uncontrollably at your foes.
You are weak. (Str -2)
Your spells are a little harder to cast, but a little more powerful.
Your movements are slightly less encumbered by armour. (ER -2)


Message History

The golden flame engulfs the flying skull.
The flying skull writhes in agony!
You destroy the flying skull!
The golden flame engulfs the greater mummy.
The greater mummy writhes in agony!
The greater mummy is severely damaged.
The golden flame engulfs the guardian mummy.
The guardian mummy writhes in agony!
You destroy the guardian mummy!
The Shining One accepts your kill.
You feel better.
You feel your power returning.
You feel extremely nervous for a moment...
You feel as though you will be slow longer.
You feel horribly lethargic.
You feel somewhat less full.
You are engulfed in dark miasma.
You are more poisoned.
You feel your flesh rotting away!
You feel as though you will be slow longer.
* * * LOW HITPOINT WARNING * * *
You feel very sick.
The greater mummy calls on the powers of darkness!
The emperor scorpion convulses!
Your body is wracked with pain!
* * * LOW HITPOINT WARNING * * *
The ettin convulses!
You block the emperor scorpion's attack. x2
The emperor scorpion claws you but does no damage.
The mummy priest utters an invocation to its god.
The mummy priest mumbles some strange prayers to its god.
The rust devil barely misses you.
The ushabti shakes and rattles.
The vile air hits you!
The vile air hits the mummy priest.
The vile air hits the freezing wraith.
A greater mummy and 2 death scarabs come into view.
You scream at the death scarab!
You regained 6 mp, and now have 33/40 mp.
The golden flame engulfs you! You resist.
The golden flame engulfs the rust devil.
The rust devil writhes in agony!
The rust devil is severely wounded.
The golden flame engulfs the wolf spider simulacrum.
The wolf spider simulacrum writhes in agony!
The wolf spider simulacrum vapourises!
The golden flame engulfs the mummy.
The mummy writhes in agony!
You destroy the mummy!
The golden flame engulfs the mummy priest.
The mummy priest writhes in agony!
You destroy the mummy priest!
The Shining One accepts your kill.
You feel better.
You feel your power returning.
You feel extremely nervous for a moment...
Your body is wracked with pain!
* * * LOW HITPOINT WARNING * * *
The spectral fire giant disappears in a puff of smoke!
The freezing wraith disappears in a puff of smoke!
The necrophage disappears in a puff of smoke!
The mummy disappears in a puff of smoke!
The hungry ghost disappears in a puff of smoke!
The golden flame engulfs the emperor scorpion.
You kill the emperor scorpion!
The emperor scorpion's corpse disappears in a puff of smoke!
The golden flame engulfs the guardian mummy.
The guardian mummy writhes in agony!
You destroy the guardian mummy!
The Shining One accepts your kill.
You feel better.
You feel extremely nervous for a moment...
You feel your flesh rotting away!
The golden flame engulfs the reaper.
The reaper writhes in agony!
You kill the reaper!
The golden flame engulfs the soul eater.
The soul eater writhes in agony!
You kill the soul eater!
The golden flame engulfs the ushabti.
The ushabti is severely damaged.
The golden flame engulfs the greater mummy.
The greater mummy writhes in agony!
The greater mummy is almost destroyed.
You feel somewhat less full.
You are engulfed in dark miasma.
You feel your flesh rotting away!
* * * LOW HITPOINT WARNING * * *
You feel very sick. You block the death scarab's attack.
The mummy priest calls on the powers of darkness!
The ettin convulses!
Your body is wracked with pain!
* * * LOW HITPOINT WARNING * * *
You block the rust devil's attack.
You scream at the death scarab! 4 death scarabs come into view.
You take 30 damage, and have 23/285 hp.
You now have 31/40 mp.
You feel better.
You are engulfed in dark miasma.
You are poisoned.
* * * LOW HITPOINT WARNING * * *
You feel sick.
The death scarab is engulfed in freezing vapours.
The death scarab closely misses you. You block the death scarab's attack.
The death scarab completely misses you.
The death scarab is engulfed in freezing vapours.
The rust devil closely misses you.
The greater mummy gestures at you while chanting.
Something smites you!
You die...

·······..█((....█.············▓▓
·······..∆.(....(8.············▓▓
········.█M)...(█4.·············▓
·······..█.M.Mss█·.·············▓
······..▓█.M§s§4█▓··············▓
·····...▓█..§§§M██··············▓
·······▓█...§M[..██·············▓
·····<▓█....C.Z48§██<··········▓▓
·····▓▓.....43Ms@..█▓··········▓
····▓▓·......4s§s§..█▓·······▓▓▓
···▓▓··.......s§§.)..█▓····▓▓▓
▲▓▓▓▓··..........s§..█▓▓▓▲▓▓▓
········........M......·····▓▓▓
·········.............M.······▓▓
·········...............·······▓
▓▓▓······...............▓▓▓····▓▓
▓·▓·····················▓·▓·····▓


You could see 2 greater mummies, an ettin, 3 mummy priests, a soul eater, a
hellwing, an ushabti, 2 rust devils, a chaos spawn, 8 death scarabs, 4 mummies
and a ghost moth zombie.

Vanquished Creatures
  Cerebov (Pan)
  Antaeus (Coc:7)
  Asmodeus (Geh:7)
  the Royal Jelly (Slime:5)
  Ereshkigal (Tar:7)
  Gloorx Vloq (Pan)
  Lom Lobon (Pan)
  Mnoleg (Pan)
  the Serpent of Hell (Coc:7)
  Dispater (Dis:7)
  Tiamat (Zot:3)
  Mara (Vaults:2)
  7 pandemonium lords
  Khufu (Tomb:2)
  6 ancient liches
  4 juggernauts
  Boris (Tomb:2)
  22 greater mummies
  5 shard shrikes
  Saint Roka (Snake:2)
  Frederick (Depths:3)
  Margery (Vaults:3)
  Geryon (Hell)
  5 caustic shrikes (Depths:5)
  Xtahua (Vaults:2)
  4 curse toes
  Nikola (Snake:3)
  21 golden dragons
  11 bone dragons
  the Enchantress (Depths:2)
  24 Brimstone Fiends
  2 profane servitors
  A doom hound (Tar:7)
  2 electric golems
  15 Tzitzimimeh
  6 iron giants
  Jorgrun (Shoals:2)
  4 hellephants
  A Cloud Mage (WizLab)
  13 Hell Sentinels
  25 tentacled monstrosities
  13 Ice Fiends
  19 titans
  13 quicksilver dragons
  9 liches
  3 Orb Guardians (Zot:5)
  2 eldritch tentacles
  17 acid blobs
  7 deep elf blademasters
  8 death cobs
  3 deep elf master archers (Elf:3)
  11 sphinxes
  22 ancient champions
  17 tentacled starspawn
  A kraken (Shoals:4)
  Polyphemus (Shoals:2)
  6 tengu reavers
  23 Executioners
  15 shadow dragons
  Agnes (Snake:4)
  25 storm dragons
  Ilsuiw (Shoals:4)
  4 daevas
  6 draconian monks
  Roxanne (Shoals:3)
  9 nagarajas
  A revenant (Crypt:3)
  25 frost giants
  A frost giant (shapeshifter) (Depths:3)
  13 azure jellies
  7 corrupters
  32 balrugs
  10 ghost moths
  An azure jelly (shapeshifter) (Vaults:3)
  27 fire giants
  25 cacodemons
  6 draconian knights
  8 deep elf sorcerers
  8 iron dragons
  23 vault wardens
  5 draconian scorchers
  A ghost moth (shapeshifter) (Vaults:5)
  4 curse skulls
  6 orc warlords
  2 emperor scorpions
  13 draconian stormcallers
  11 draconian shifters
  7 deep elf elementalists
  2 spriggan defenders
  4 warmongers (Pan)
  6 elemental wellsprings
  4 angels
  9 ghouls
  27 ironheart preservers
  30 very ugly things
  3 entropy weavers
  3 blood saints (Pan)
  An entropy weaver (shapeshifter) (Vaults:1)
  6 vampire knights
  12 draconian annihilators
  7 apis (Pan)
  52 reapers
  16 war gargoyles
  60 stone giants
  12 deep elf annihilators
  14 white draconians
  10 deep elf demonologists
  11 black draconians
  9 lorocyprocas
  5 black suns (Pan)
  12 green draconians
  17 bennus
  Azrael (Snake:3)
  4 spark wasps (Depths:3)
  12 purple draconians
  18 red draconians
  17 dire elephants
  A spark wasp (shapeshifter) (Vaults:5)
  37 ettins
  9 eidola
  15 yellow draconians
  A crystal guardian (Vaults:4)
  9 deep elf death magi
  10 merfolk javelineers
  13 green deaths
  4 quicksilver dragon zombies
  30 mummy priests
  10 merfolk impalers
  A fire dragon (shapeshifter) (Elf:3)
  A minotaur (Lab)
  23 blizzard demons
  23 yaktaur captains
  2 death oozes
  A kraken zombie (Hell)
  14 jiangshi
  9 deep elf high priests
  Josephine (D:10)
  14 fire dragons
  6 merfolk avatars
  32 vault guards
  9 rakshasas
  8 great orbs of eyes
  7 spriggan air magi
  8 quicksilver dragon skeletons
  18 hydras
  5 hell beasts
  29 ice dragons
  7 centaur warriors
  7 monstrous demonspawn (Pan)
  A ghost crab (Zig:6)
  19 anacondas
  A juggernaut simulacrum (Pan)
  9 death knights
  7 catoblepae
  An alligator snapping turtle (shapeshifter) (Elf:1)
  57 two-headed ogres
  3 alligator snapping turtles (Shoals:4)
  2 satyrs
  17 naga warriors
  6 merfolk aquamancers
  11 dancing weapons
  12 deep troll earth magi
  A tengu warrior (Depths:1)
  32 hell hogs
  18 ogre magi
  21 death scarabs (Tomb:1)
  4 alligators
  A queen ant (shapeshifter) (Vaults:1)
  6 death yaks
  8 vampire magi
  16 deep troll shamans
  9 thrashing horrors
  A shock serpent (shapeshifter) (Vaults:5)
  21 shock serpents
  7 orc high priests
  49 sun demons
  3 storm dragon zombies
  29 soul eaters
  17 naga sharpshooters
  2 iron golems
  3 holy swine (Pan)
  9 spriggan berserkers
  6 titan zombies
  3 titan skeletons
  57 hell knights
  11 deep elf knights
  25 sixfirhies
  10 wretched stars
  A golden dragon zombie (Dis:7)
  2 salamander mystics (Snake:3)
  18 shadow wraiths
  A quicksilver dragon simulacrum (Crypt:1)
  7 iron trolls
  79 skeletal warriors
  8 spatial maelstroms
  A death drake (shapeshifter) (Depths:4)
  3 gelid demonspawn (Pan)
  80 deep trolls
  16 anaconda zombies
  7 infernal demonspawn
  4 storm dragon skeletons
  10 glowing orange brains
  An orange crystal statue (Zig:7)
  12 sea snakes
  6 swamp dragons
  10 unseen horrors
  6 torturous demonspawn (Pan)
  A glowing orange brain (shapeshifter) (Vaults:5)
  21 shadow demons
  A death drake (Tar:2)
  3 lindwurms
  28 ironbrand convokers
  6 golden dragon skeletons
  A shambling mangrove (Zig:6)
  19 deep elf archers
  13 naga ritualists
  19 flayed ghosts
  4 tengu zombies
  An orb spider (Zig:8)
  20 orc knights
  An obsidian statue (Depths:1)
  7 shadow dragon zombies
  20 phantasmal warriors
  12 wizards
  A harpy (shapeshifter) (Vaults:5)
  58 harpies
  A swamp dragon (shapeshifter) (Zig:12)
  5 wolf spider zombies
  2 sphinx zombies
  20 necromancers
  12 wolf spiders
  16 mana vipers
  An anaconda skeleton (Coc:7)
  50 deep elf magi
  11 iron dragon zombies
  6 stone giant zombies
  52 ugly things
  7 shining eyes
  A cyclops (shapeshifter) (Zig:17)
  10 orc sorcerers
  9 fauns
  3 shadow dragon skeletons
  2 worldbinders (Abyss:3)
  23 elephants
  15 manticores
  23 cyclopes
  4 fire giant zombies
  4 shock serpent zombies
  6 frost giant zombies
  27 moths of wrath
  3 salamanders (shapeshifter)
  Maurice (D:8)
  An iron dragon skeleton (Depths:4)
  9 dire elephant zombies
  15 merfolk sirens
  3 ice statues
  7 stone giant skeletons
  6 water nymphs
  Joseph (D:9)
  5 fire giant skeletons
  3 guardian serpents (shapeshifter)
  27 rust devils
  4 apocalypse crabs (Abyss:3)
  3 torpor snails
  5 guardian serpents
  13 salamanders
  29 orange demons
  58 black mambas
  7 eyes of devastation
  2 titan simulacra
  46 smoke demons
  7 frost giant skeletons
  25 naga magi
  17 vault sentinels
  11 molten gargoyles
  3 gargoyles
  4 kobold demonologists
  2 shock serpent skeletons
  An alligator snapping turtle zombie (Crypt:1)
  31 spiny frogs
  7 komodo dragons
  4 spriggan zombies
  3 rime drakes
  A komodo dragon (shapeshifter) (Vaults:1)
  17 efreet
  6 swamp worm zombies (Crypt:1)
  A red draconian zombie (Dis:7)
  21 hellions
  90 yaktaurs
  4 dire elephant skeletons
  2 emperor scorpion zombies
  A catoblepas zombie (Dis:1)
  8 demonic crawlers
  A rime drake (shapeshifter) (Vaults:2)
  43 freezing wraiths
  A sea snake zombie (Crypt:1)
  An alligator snapping turtle skeleton (Crypt:3)
  3 anaconda simulacra
  A golden dragon simulacrum (Depths:4)
  8 hydra zombies
  10 ancient zymes
  A queen bee (Lair:2)
  A silent spectre (Abyss:3)
  2 catoblepas skeletons
  3 harpy zombies
  31 ice devils
  18 hellwings
  2 tengu conjurers (Depths:1)
  34 tormentors
  A queen bee (shapeshifter) (Depths:4)
  16 trolls
  3 human skeletons
  30 merfolk
  34 red devils
  2 jumping spiders
  3 harpy skeletons
  A meliai (shapeshifter) (Elf:3)
  56 guardian mummies
  28 raiju
  36 blink frogs
  20 polar bears
  15 wind drakes
  4 tyrant leeches (Lair:6)
  A tyrant leech (shapeshifter) (Vaults:3)
  6 hydra skeletons
  3 bog bodies
  8 hornets
  3 ice dragon zombies
  16 hippogriffs
  6 dream sheep
  64 slime creatures
  2 meliai zombies
  2 fire giant simulacra
  A human simulacrum (Vaults:1)
  15 snapping turtles
  8 alligator zombies
  An iron dragon simulacrum (Crypt:3)
  A black mamba zombie (Crypt:2)
  5 fire dragon zombies
  A frost giant simulacrum (Crypt:2)
  4 ettin zombies
  37 air elementals
  A centaur simulacrum (D:15)
  11 ettin skeletons
  4 redbacks
  30 water elementals
  3 alligator skeletons
  77 flying skulls
  4 ice dragon skeletons
  A tarantella (Zig:8)
  34 small abominations
  7 spriggans
  35 wraiths
  38 starcursed masses
  A deep troll skeleton (Depths:1)
  25 shadows
  2 black mamba skeletons
  9 fire dragon skeletons
  11 wyverns
  27 ynoxinuls
  17 fire elementals
  21 humans
  65 yaks
  10 ushabtiu
  A human (shapeshifter) (Vaults:3)
  71 large abominations
  5 basilisks
  8 golden eyes
  6 hungry ghosts
  33 neqoxecs
  A vampire (D:11)
  A golden eye (shapeshifter) (Vaults:3)
  13 vampire mosquitoes
  A steam dragon (Lair:2)
  A wind drake skeleton (Crypt:2)
  A catoblepas simulacrum (Crypt:1)
  19 chaos spawn
  14 wargs
  Menkaure (D:6)
  2 acid dragons
  A swamp worm (D:6)
  14 spatial vortices
  10 insubstantial wisps (WizLab)
  A merfolk zombie (Geh:3)
  A warg (shapeshifter) (Vaults:5)
  60 nagas
  A water nymph zombie (Crypt:2)
  17 water moccasins
  11 porcupines
  2 soldier ants (shapeshifter)
  Duvessa (D:4)
  A floating eye (Pan)
  4 hydra simulacra
  A porcupine (shapeshifter) (Zig:17)
  43 hell hounds
  A floating eye (shapeshifter) (Depths:5)
  12 spiny frog zombies
  21 ice beasts
  3 spiny frog skeletons
  A swamp drake (Zig:6)
  6 sky beasts
  An ettin simulacrum (Vaults:2)
  A swamp dragon zombie (Coc:5)
  12 black bears
  61 orc warriors
  The ghost of Goblin1989 the Ruffian, an amateur NaTm (D:3)
  8 eyes of draining
  2 manticore zombies
  2 snapping turtle zombies
  An ice dragon simulacrum (Depths:1)
  13 necrophages
  3 boggarts (Depths:3)
  9 phantoms
  40 wolves
  4 alligator simulacra
  62 ogres
  24 centaurs
  A dream sheep skeleton (Crypt:2)
  23 crocodiles
  2 snapping turtle skeletons
  A manticore skeleton (Tar:7)
  2 tengu
  2 crocodiles (shapeshifter)
  A big kobold (shapeshifter) (Depths:4)
  27 bullfrogs
  3 big kobolds
  An elf zombie (Geh:4)
  4 earth elementals
  A wyvern zombie (D:13)
  An elf skeleton (Coc:6)
  Dowan (D:4)
  2 scorpions
  A cyclops skeleton (Crypt:3)
  2 elf simulacra
  48 killer bees
  A shapeshifter zombie (Crypt:2)
  2 troll zombies
  49 wights
  3 electric eels
  16 crimson imps
  A yaktaur simulacrum (Depths:1)
  4 centaur zombies
  7 quasits
  7 hounds
  Crazy Yiuf (D:6)
  2 human zombies (Crypt:2)
  35 orc priests
  A gnoll shaman (D:10)
  24 iron imps
  8 jellies
  5 bullfrog skeletons
  A centaur skeleton (D:6)
  47 orc wizards
  Jessica (D:3)
  6 iguanas
  6 worker ants
  A lightning spire (Zig:9)
  A felid zombie (Crypt:3)
  A naga zombie (Crypt:3)
  2 tengu skeletons
  A demigod skeleton (Crypt:2)
  3 hound skeletons
  38 mummies
  4 gnolls
  13 adders
  2 river rats (Lair:2)
  14 shadow imps
  16 white imps
  An ufetubus (Abyss:3)
  2 oozes (D:6)
  An iguana skeleton (Crypt:1)
  5 worms
  5 ball lightnings (Pan)
  2 dart slugs
  5 leopard geckos
  105 orcs
  7 giant cockroaches
  7 goblins
  3 hobgoblins (D:1)
  7 jackals
  5 quokkas
  2 ball pythons
  6 bats
  3 frilled lizards
  A jackal skeleton (Crypt:3)
  22 kobolds
  2 leopard gecko skeletons
  A leopard gecko zombie (D:7)
  2 quokka skeletons
  2 quokka zombies
  9 rats
  A bush (Elf:3)
  5 crawling corpses
  5 fungi (Lair:6)
  5 plants
  21 starspawn tentacles
  10 tentacles
5626 creatures vanquished.

Vanquished Creatures (collateral kills)
  Bai Suzhen (Snake:3)
  Vashnia (Snake:4)
  6 acid blobs
  2 Executioners (Pan)
  Aizul (Snake:3)
  2 spriggan defenders (Depths:2)
  A death ooze (Slime:5)
  A blizzard demon (Depths:1)
  A vault guard (Vaults:4)
  3 hydras
  A death knight (Vaults:4)
  3 death yaks (D:9)
  A hell hog (Geh:7)
  3 holy swine (Pan)
  A soul eater (Depths:1)
  4 naga sharpshooters
  A naga ritualist (Snake:3)
  An ironbrand convoker (Vaults:4)
  2 deep elf archers
  An iron dragon skeleton (Geh:7)
  A fire giant skeleton (Pan)
  A salamander (Geh:7)
  A black mamba (Snake:3)
  An ice devil (Depths:1)
  A red devil (Pan)
  A queen bee (D:11)
  6 dream sheep (Lair:6)
  A naga (Snake:3)
  An ogre (Crypt:3)
  12 killer bees (D:11)
  A jelly (D:9)
  2 hounds (D:9)
  A river rat (D:9)
  A white imp (Depths:2)
68 creatures vanquished.

Vanquished Creatures (others)
  A lich (Tomb:2)
  An eldritch tentacle (Dis:7)
  A fire giant (Depths:3)
  A frost giant (Depths:3)
  An elemental wellspring (Coc:7)
  A bennu (Tomb:2)
  A stone giant (Depths:3)
  A kraken zombie (Coc:5)
  A fire dragon (Tomb:3)
  A vault guard (Vaults:5)
  A sixfirhy (Pan)
  A fire crab (shapeshifter) (Zig:12)
  A spriggan druid (Zig:6)
  A frost giant skeleton (Coc:7)
  A spiny frog (Tomb:2)
  An orange demon (Pan)
  A smoke demon (Pan)
  A yaktaur (Vaults:3)
  3 flying skulls
  A fire elemental (Elf:2)
  A hell hound (Dis:7)
  A small abomination (Abyss:3)
  An orc warrior (Vaults:5)
  A swamp drake (Zig:6)
  2 wights
  An orc wizard (Orc:2)
  4 mummies (Tomb:2)
  An ufetubus (Abyss:3)
  8 ball lightnings (Pan)
  17 fungi
  3 lurking horrors
  62 plants
  25 starspawn tentacles
  13 tentacles
162 creatures vanquished.

Grand Total: 5856 creatures vanquished

Notes
Turn   | Place    | Note
-------+----------+-------------------------------------------
     0 | D:1      | Goblin1989 the Naga Berserker began the quest for the Orb.
     0 | D:1      | Reached XP level 1. HP: 21/21 MP: 1/1
   476 | D:1      | Reached XP level 2. HP: 20/28 MP: 2/2
  1554 | D:2      | Reached XP level 3. HP: 7/34 MP: 3/3
  1567 | D:2      | HP: 1/34 [poisoned by an adder]
  2345 | D:2      | Reached XP level 4. HP: 32/42 MP: 4/4
  2517 | D:2      | Reached ** piety under Trog
  2685 | D:2      | Reached skill level 5 in Axes
  2947 | D:3      | Noticed Goblin1989's ghost (amateur NaTm)
  2962 | D:3      | Killed Goblin1989's ghost
  2962 | D:3      | Reached XP level 5. HP: 45/49 MP: 5/5
  3096 | D:3      | Noticed Jessica
  3107 | D:3      | Yermak: Эта мода на нестардартные скины Меня необъяснимо раздражает.
  3113 | D:3      | Killed Jessica
  3258 | D:3      | Goblin1989: ну
  3258 | D:3      | Goblin1989: я просто играю чтобы от скуки избавиться
  3258 | D:3      | Goblin1989: поэтому и скин несткандартный
  3258 | D:3      | Goblin1989: еще и сменить можно
  3366 | D:3      | Goblin1989: хотя если посмотреть с другой стороны -
  3366 | D:3      | Goblin1989: это действительно неудобно
  3366 | D:3      | Goblin1989: не видно в какой вроне персонаж, да и путаешь его иногда с монстрами
  3367 | D:3      | Reached XP level 6. HP: 45/56 MP: 6/6
  3373 | D:3      | Yermak: во-во
  3382 | D:3      | Goblin1989: если бы уменя был подключен сторонний конфиг я бы его вырубил, но я вставил скрипт в свой конйиг целиком. а ковыряться с удалением его мне лень слегка :\
  3719 | D:3      | Yermak: &rc goblin1989
  3720 | D:3      | beem: http://CRAWL.XTAHUA.COM/crawl/rcfiles/crawl-git/Goblin1989.rc
  3723 | D:3      | Goblin1989: ой, я там кучу всякого наворотил, стыдно даже показать :\
  4025 | D:4      | Reached *** piety under Trog
  4066 | D:4      | Noticed Dowan
  4068 | D:4      | Noticed Duvessa
  4074 | D:4      | Killed Duvessa
  4100 | D:4      | Killed Dowan
  4100 | D:4      | Reached XP level 7. HP: 6/62 MP: 7/7
  4124 | D:4      | Yermak: не забывай плевок использовать
  4124 | D:4      | Goblin1989: спасибо, я про него забыл как раз
  4364 | D:4      | Found a white marble altar of Elyvilon.
  4434 | D:4      | Yermak: охренеть рц-файл
  4485 | D:4      | Goblin1989: согласен, он большой
  4625 | D:4      | Yermak: интересно, в какой момент эта шняга начнёт ощутимо подвешивать сервер?
  4625 | D:4      | Goblin1989: я думаю этот сервер нескоро еще
  4625 | D:4      | Yermak: В смысле, сколько надо накрутить для этого?
  4625 | D:4      | Goblin1989: ну на cao сейчас полсотни человек постоянно по-моему крутится, не висит
  4625 | D:4      | Goblin1989: сейчас тебе рц дам болшой
  4625 | D:4      | Goblin1989: &rc tstbtto
  4625 | D:4      | beem: http://CRAWL.XTAHUA.COM/crawl/rcfiles/crawl-git/tstbtto.rc
  4625 | D:4      | Yermak: Этот чувак ботов гоняет
  4625 | D:4      | Goblin1989: вот этот действительно большой
  4625 | D:4      | Yermak: Причём содранных с qw
  4625 | D:4      | Goblin1989: я видел как он сам играл :)
  4797 | D:5      | Entered Level 5 of the Dungeon
  4823 | D:5      | Gained mutation: You are resistant to electric shocks. (rElec) [mutagenic meat]
  4824 | D:5      | Gained mutation: Your spells are a little easier to cast, but a little less powerful. [mutagenic meat]
  4825 | D:5      | Gained mutation: You evolve. [mutagenic meat]
  4826 | D:5      | Gained mutation: Your spells are easier to cast, but less powerful. [mutagenic meat]
  4984 | D:5      | Reached skill level 1 in Evocations
  5087 | D:5      | Noticed a troll
  5133 | D:5      | Goblin1989: упс
  5133 | D:5      | Goblin1989: опрометчиво использовать автоэксплоэр на уровне с тролем
  5187 | D:5      | Found a staircase to the Ecumenical Temple.
  5600 | D:5      | Reached XP level 8. HP: 70/70 MP: 7/9
  5656 | D:5      | Found an opulent altar of Gozag.
  5688 | D:5      | Found a sacrificial altar of Ru.
  5882 | D:6      | Noticed a two-headed ogre
  5891 | D:6      | a two-headed ogre changed into a swamp worm
  6343 | D:6      | Noticed an angel
  6344 | D:6      | Found a glowing silver altar of Zin.
  6516 | D:6      | Noticed Menkaure
  6525 | D:6      | Killed Menkaure
  6836 | D:6      | Found a runed door.
  7043 | D:6      | Noticed Crazy Yiuf
  7044 | D:6      | Killed Crazy Yiuf
  7222 | D:7      | Reached XP level 9. HP: 75/79 MP: 11/11
  7651 | D:6      | Reached **** piety under Trog
  7782 | D:7      | Reached skill level 5 in Fighting
  7794 | D:7      | Lost mutation: Your spells are easier to cast, but less powerful. [evolution]
  7905 | D:7      | Reached skill level 10 in Axes
  9250 | D:8      | Reached skill level 5 in Evocations
  9308 | D:8      | Reached XP level 10. HP: 84/91 MP: 13/13
 10052 | D:8      | Noticed Maurice
 10075 | D:8      | Killed Maurice
 10708 | D:8      | Reached ***** piety under Trog
 11033 | D:9      | Found a staircase to the Lair.
 11033 | D:9      | Noticed a death yak
 11035 | D:9      | Noticed a death yak
 11037 | D:9      | Reached skill level 1 in Bows
 11040 | D:9      | Killed a death yak
 11040 | D:9      | Reached skill level 5 in Armour
 11044 | D:9      | Noticed a death yak
 11044 | D:9      | Killed a death yak
 11045 | D:9      | Killed a death yak
 11434 | D:9      | Gained mutation: You are weak. (Str -2) [evolution]
 11481 | D:9      | Found a staircase to the Orcish Mines.
 11489 | D:9      | Reached XP level 11. HP: 97/99 MP: 14/14
 11576 | D:9      | Noticed Joseph
 11598 | D:9      | Killed Joseph
 11708 | D:9      | Lost mutation: You are weak. (Str -2) [mutagenic meat]
 11710 | D:9      | Gained mutation: You are partially covered in icy blue scales. (AC +2) [mutagenic meat]
 11712 | D:9      | Gained mutation: You are agile. (Dex +2) [mutagenic meat]
 12412 | D:10     | Entered Level 10 of the Dungeon
 12468 | D:10     | Gained mutation: You are very agile. (Dex +4) [evolution]
 12468 | D:10     | Lost mutation: You evolve. [end of evolution]
 12471 | D:10     | Noticed a two-headed ogre
 12499 | D:10     | Received a gift from Trog
 12524 | D:11     | Noticed an eight-headed hydra
 12558 | D:11     | HP: 3/100 [killer bee (6)]
 12569 | D:11     | HP: 3/100 [killer bee (6)]
 12830 | D:11     | Killed an eight-headed hydra
 12918 | D:11     | Noticed a two-headed ogre
 12936 | D:11     | Killed a two-headed ogre
 12936 | D:11     | Reached skill level 5 in Dodging
 13017 | D:11     | Noticed a manticore
 13029 | D:11     | Noticed a lindwurm
 13029 | D:11     | a manticore changed into a lindwurm
 13041 | D:11     | Killed a lindwurm
 13115 | D:11     | Found a runed door.
 13454 | D:11     | Noticed a two-headed ogre
 13455 | D:11     | Received a gift from Trog
 13466 | D:11     | Killed a two-headed ogre
 13466 | D:11     | Reached skill level 5 in Bows
 13758 | D:11     | Noticed a manticore
 13783 | D:11     | Killed a manticore
 13783 | D:11     | Reached XP level 12. HP: 47/110 MP: 15/15
 14159 | D:10     | Received a gift from Trog
 14413 | D:10     | Killed a two-headed ogre
 14884 | D:10     | Noticed Josephine
 14896 | D:10     | Killed Josephine
 15069 | D:10     | Noticed a two-headed ogre
 15080 | D:10     | Killed a two-headed ogre
 15254 | D:10     | Received a gift from Trog
 15458 | D:12     | Noticed a five-headed hydra
 15532 | Lair:1   | Entered Level 1 of the Lair of Beasts
 17061 | Lair:2   | Gained mutation: You can use your snake-like lower body to constrict enemies. [Naga growth]
 17061 | Lair:2   | Reached XP level 13. HP: 120/120 MP: 16/16
 17669 | Lair:2   | Received a gift from Trog
 18206 | Lair:2   | Received a gift from Trog
 19061 | Lair:3   | Found a staircase to the Shoals.
 20303 | Lair:4   | Found the +3 salamander hide armour {+Rage rF++}
 20520 | Lair:4   | Received a gift from Trog
 20642 | Lair:4   | Goblin1989: &makros yermak
 20642 | Lair:4   | Goblin1989: &rc yermak
 20642 | Lair:4   | beem: http://CRAWL.XTAHUA.COM/crawl/rcfiles/crawl-git/Yermak.rc
 20705 | Lair:4   | Goblin1989: &makro yermak
 20888 | Lair:4   | Got an ivory rapier
 20889 | Lair:4   | Identified the +8 rapier "Urua" {freeze, -Tele rElec rN++} (You found it on level 4 of the Lair of Beasts)
 20919 | Lair:4   | Found a staircase to the Snake Pit.
 21253 | Lair:4   | Received a gift from Trog
 21329 | Lair:4   | Reached XP level 14. HP: 120/130 MP: 17/17
 21349 | Lair:4   | Reached skill level 10 in Fighting
 21574 | Lair:4   | Reached skill level 10 in Bows
 22199 | Lair:5   | Found a frozen archway.
 22240 | IceCv    | Entered an ice cave
 23229 | IceCv    | Upgraded the game from 0.21-a0-227-g58a7c62 to 0.21-a0-228-g14ccbf3
 23728 | IceCv    | Received a gift from Trog
 24086 | IceCv    | Noticed a frost giant
 24098 | IceCv    | Killed a frost giant
 24104 | IceCv    | Reached ****** piety under Trog
 24104 | IceCv    | Received a gift from Trog
 25990 | Lair:6   | Entered Level 6 of the Lair of Beasts
 26315 | Lair:6   | Received a gift from Trog
 26376 | Lair:6   | Reached XP level 15. HP: 129/140 MP: 6/18
 27381 | Lair:6   | Found a glowing silver altar of Zin.
 27556 | Lair:6   | Received a gift from Trog
 28026 | Lair:6   | Noticed an acid blob
 28194 | Lair:6   | Killed an acid blob
 29168 | Lair:6   | Found a staircase to the Slime Pits.
 29497 | Orc:1    | Entered Level 1 of the Orcish Mines
 29528 | Orc:1    | Found a radiant altar of Vehumet.
 29538 | Orc:1    | Received a gift from Trog
 30089 | Orc:2    | Entered Level 2 of the Orcish Mines
 30092 | Orc:2    | Noticed an orc warlord
 30296 | Orc:2    | Killed an orc warlord
 30530 | Orc:2    | Found Jaomn's Antique Weapon Boutique.
 30530 | Orc:2    | Found Mockooni's Antique Weapon Shop.
 30535 | Orc:2    | Found Ruchacsoseh's Book Shop.
 30956 | Orc:2    | Received a gift from Trog
 31131 | Orc:2    | Found a staircase to the Elven Halls.
 31374 | Orc:2    | Found Higicys's Armour Boutique.
 31380 | Orc:2    | Bought the +8 plate armour of Birdsong {rElec rN+++ Int-4 Dex-2} for 1281 gold pieces
 31466 | Orc:1    | Received a gift from Trog
 31695 | Orc:1    | Found Hosead's General Store.
 31705 | Orc:1    | Bought a scroll of blinking for 120 gold pieces
 31705 | Orc:1    | Bought a scroll of enchant armour for 120 gold pieces
 32004 | Snake:1  | Entered Level 1 of the Snake Pit
 32453 | Snake:1  | Reached XP level 16. HP: 152/152 MP: 19/19
 32985 | Snake:1  | Reached skill level 10 in Dodging
 33706 | Snake:1  | Received a gift from Trog
 34087 | Snake:1  | Reached skill level 15 in Axes
 34178 | Snake:1  | Received a gift from Trog
 35513 | Snake:2  | Got an ichor-stained robe
 35683 | Snake:2  | Noticed Saint Roka
 35693 | Snake:2  | Killed Saint Roka
 36725 | Snake:3  | Noticed Azrael
 36741 | Snake:3  | Received a gift from Trog
 36750 | Snake:3  | Killed Azrael
 37246 | Snake:3  | Reached XP level 17. HP: 92/163 MP: 7/20
 37612 | Snake:3  | Noticed Aizul
 37618 | Snake:3  | Killed Aizul
 38076 | Snake:3  | Noticed Bai Suzhen
 38083 | Snake:3  | Killed Bai Suzhen
 39232 | Snake:4  | Entered Level 4 of the Snake Pit
 39257 | Snake:3  | p0werm0de: 3 int pr0 build
 39287 | Snake:3  | Goblin1989: ^_^
 39365 | Snake:3  | p0werm0de: ;D
 39381 | Snake:3  | Goblin1989: the +8 plate armour of Birdsong (worn) {rElec rN+++ Int-4 Dex-2}.
 39381 | Snake:3  | p0werm0de: ye i saw
 39381 | Snake:3  | Goblin1989: +9 executioner's axe of electrocution
 39381 | Snake:3  | Goblin1989: b * Axes 16.3
 39381 | Snake:3  | Goblin1989: :)
 39382 | Snake:4  | Noticed Nikola
 39390 | Snake:3  | Killed Nikola
 39510 | Snake:3  | Received a gift from Trog
 40326 | Snake:4  | Received a gift from Trog
 40338 | Snake:4  | Noticed Agnes
 40697 | Snake:4  | Killed Agnes
 41974 | Snake:4  | Reached XP level 18. HP: 29/174 MP: 21/21
 42575 | Snake:4  | Received a gift from Trog
 42997 | Snake:4  | Received a gift from Trog
 43422 | Snake:4  | Noticed Vashnia
 43472 | Snake:4  | Killed Vashnia
 44274 | Snake:4  | Received a gift from Trog
 44973 | Snake:4  | Got a serpentine rune of Zot
 45276 | Shoals:1 | Entered Level 1 of the Shoals
 45286 | Shoals:1 | Received a gift from Trog
 46201 | D:12     | Got a pair of transparent gloves
 46212 | D:12     | Identified the cursed -1 pair of gloves "Veatarum" {rPois MR- Int+6} (You found it on level 12 of the Dungeon)
 47127 | D:13     | Received a gift from Trog
 47164 | D:13     | Found a runed door.
 47400 | D:13     | Received a gift from Trog
 47462 | D:13     | Reached XP level 19. HP: 129/184 MP: 22/22
 47624 | D:13     | Found a gate to the Vaults.
 47642 | D:13     | Identified a scroll of acquirement
 47642 | D:13     | Goblin1989: &dump goblin1989
 47642 | D:13     | beem: http://CRAWL.XTAHUA.COM/crawl/morgue/Goblin1989/Goblin1989.txt
 47644 | D:13     | Got a distressingly furry naga barding
 47655 | D:13     | Identified the -2 naga barding of Makhleb's Hatred {rN+} (You acquired it on level 13 of the Dungeon)
 48502 | D:14     | Got a heavily runed chain mail
 48513 | D:14     | Identified the +13 chain mail "Zaotzym" {rElec Stlth+} (You found it on level 14 of the Dungeon)
 48955 | D:15     | Entered Level 15 of the Dungeon
 48996 | D:15     | Reached skill level 15 in Fighting
 49004 | D:15     | Received a gift from Trog
 49021 | D:15     | Found a labyrinth entrance.
 49025 | Lab      | Entered a labyrinth
 49594 | Lab      | Got a spiked ring mail
 49605 | Lab      | Identified the +3 ring mail of Compression {Str+3 Int+5} (You found it in a labyrinth)
 49722 | D:15     | Found a portal to a secret trove of treasure.
 49963 | Orc:2    | Bought a book of Dreams for 1125 gold pieces
 50343 | D:15     | You paid a toll of a book of Dreams to enter a treasure trove
 50344 | Trove    | Entered a treasure trove
 50351 | Trove    | Found the +4 robe of Augmentation {Str+4 Int+4 Dex+4}
 50364 | Trove    | Got a scorched executioner's axe
 50379 | Trove    | Got a fine hand axe
 50392 | Trove    | Identified the +12 executioner's axe "Wuusk" {freeze, +Fly} (You found it in a treasure trove)
 50424 | D:15     | Got a crude buckler
 50651 | D:15     | Found a staircase to the Depths.
 51196 | Vaults:1 | Entered Level 1 of the Vaults
 51694 | Vaults:1 | Received a gift from Trog
 51976 | Vaults:1 | Received a gift from Trog
 52273 | Vaults:1 | Found Xecherch's Antique Armour Shop.
 52276 | Vaults:1 | Identified the Reference Book on Damaging Venom
 52405 | Vaults:1 | Received a gift from Trog
 52825 | Vaults:2 | Noticed Xtahua
 52833 | Vaults:2 | Reached XP level 20. HP: 190/196 MP: 23/23
 52835 | Vaults:2 | Killed Xtahua
 53669 | Vaults:2 | Noticed Mara
 53670 | Vaults:2 | Noticed Goblin1989's illusion
 53687 | Vaults:2 | Killed Mara
 54000 | Vaults:2 | Received a gift from Trog
 55379 | Vaults:2 | Received a gift from Trog
 56093 | Vaults:3 | Reached XP level 21. HP: 171/206 MP: 24/24
 56099 | Vaults:3 | Received a gift from Trog
 56860 | Vaults:3 | Noticed Margery
 56874 | Vaults:3 | Killed Margery
 57286 | Vaults:3 | Found a staircase to the Crypt.
 57374 | Vaults:3 | Received a gift from Trog
 57628 | Vaults:3 | Received a gift from Trog
 57787 | Vaults:3 | Noticed a bone dragon
 57798 | Vaults:3 | Killed a bone dragon
 58619 | Vaults:3 | Reached XP level 22. HP: 212/218 MP: 25/25
 59380 | Vaults:4 | Received a gift from Trog
 59709 | Vaults:4 | Reached skill level 15 in Dodging
 60757 | Vaults:1 | Received a gift from Trog
 60887 | Depths:1 | Entered Level 1 of the Depths
 60946 | Depths:1 | Found a gateway to Hell.
 60956 | Depths:1 | Found a one-way gate to the infinite horrors of the Abyss.
 61025 | Depths:1 | Found a magical portal.
 61069 | WizLab   | Entered The Chambers of the Cloud Mage
 61675 | WizLab   | Identified the Tome of Flight
 61688 | WizLab   | Identified the Almanac of Lightness
 61697 | WizLab   | Received a gift from Trog
 61701 | WizLab   | Got a shimmering jade ring
 61703 | WizLab   | Got a warped steel ring
 61704 | WizLab   | Identified the ring "Myqaogh" {+Fly rPois Dex+4} (You found it in a wizard's laboratory)
 61707 | WizLab   | Identified the ring "Yleuf" {rF+ MR- Str+2 SInv} (You found it in a wizard's laboratory)
 61713 | WizLab   | p0werm0de: aye favourite noob player online!!
 61713 | WizLab   | p0werm0de: ;D
 61714 | WizLab   | p0werm0de: nice axe man
 61714 | WizLab   | p0werm0de: https://soundcloud.com/rene-bourgeois/rene-bourgeois-ritter-butzke-3000-wanderzirkus
 61714 | WizLab   | Goblin1989: :)
 61716 | WizLab   | Goblin1989: hm
 61716 | WizLab   | Goblin1989: rcorr+
 61716 | WizLab   | p0werm0de: dont need
 61716 | WizLab   | p0werm0de: gogo rokk cerebov
 61806 | WizLab   | Goblin1989: I do not quite understand where he came from
 61866 | Depths:1 | Goblin1989: lol
 61866 | Depths:1 | p0werm0de: who
 61866 | Depths:1 | p0werm0de: missed it
 61866 | Depths:1 | Goblin1989: And now I do not understand why he disappeared
 61866 | Depths:1 | p0werm0de: ??
 61866 | Depths:1 | p0werm0de: i dont understand anything
 61866 | Depths:1 | p0werm0de: ICH NIX VERSTEHEN
 62317 | Depths:1 | Found a stormy altar of Qazlal.
 62622 | Depths:1 | Reached XP level 23. HP: 116/228 MP: 26/26
 62979 | Depths:2 | Received a gift from Trog
 63000 | Depths:2 | Received a gift from Trog
 63193 | Depths:2 | Noticed the Enchantress
 63690 | Depths:2 | Found a gateway to a ziggurat.
 63744 | Depths:2 | Killed the Enchantress
 63766 | Depths:2 | Got faerie dragon scales
 64001 | Depths:2 | Found a one-way gate leading to the halls of Pandemonium.
 64248 | Depths:2 | Identified the +2 faerie dragon scales {rCorr Str+4} (You took it off the Enchantress on level 2 of the Depths)
 64413 | Depths:2 | Found a transporter.
 64419 | Depths:2 | Found a viscous altar of Jiyva.
 64667 | Depths:2 | Found a transporter.
 64682 | Depths:2 | Gained mutation: Your body sometimes deteriorates upon taking damage. [a shining eye]
 64683 | Depths:2 | Gained mutation: You expend magic power (3 MP) to strengthen your wands. [a shining eye]
 64694 | Depths:2 | Got a bound lead amulet
 64696 | Depths:2 | Identified the amulet of the Blue Skies {Harm *Drain Str-2 Int+3} (You found it on level 2 of the Depths)
 64958 | Depths:3 | Found a corrupted altar of Lugonu.
 65018 | Depths:3 | Received a gift from Trog
 65481 | Depths:3 | Reached XP level 24. HP: 124/240 MP: 26/26
 65779 | Depths:3 | Noticed Frederick
 65790 | Depths:3 | Killed Frederick
 66309 | Depths:3 | Got an ominously black robe
 66318 | Depths:3 | Received a gift from Trog
 66971 | Depths:3 | Found Yjiyprin's Jewellery Shop.
 66973 | Depths:3 | Found Vuemuit's Gadget Emporium.
 66974 | Depths:3 | Found Wocan's Jewellery Shop.
 66979 | Depths:3 | Bought the amulet "Viogul" {MR+ Regen+} for 937 gold pieces
 67351 | Depths:3 | Noticed an ancient lich
 67523 | Depths:3 | Killed an ancient lich
 68581 | Depths:4 | Received a gift from Trog
 69263 | Depths:4 | Noticed a juggernaut
 69271 | Depths:4 | Reached XP level 25. HP: 199/252 MP: 26/26
 69272 | Depths:4 | Killed a juggernaut
 69406 | Depths:4 | Identified the +5 leather armour of Tuoprem {Dex+4} (You found it on level 4 of the Depths)
 69627 | Depths:5 | Entered Level 5 of the Depths
 70153 | Depths:5 | Found a gate to the Realm of Zot.
 70224 | Depths:5 | Received a gift from Trog
 70256 | Depths:5 | Paralysed by a floating eye for 3 turns
 71231 | Crypt:1  | Entered Level 1 of the Crypt
 71434 | Crypt:1  | Received a gift from Trog
 71793 | Shoals:1 | Upgraded the game from 0.21-a0-228-g14ccbf3 to 0.21-a0-243-g597973d
 71966 | Shoals:1 | Found Bamiur's Antique Armour Shop.
 71984 | Shoals:1 | Bought a pair of embroidered gloves for 172 gold pieces
 72442 | Shoals:2 | Received a gift from Trog
 72510 | Shoals:2 | Noticed Jorgrun
 72521 | Shoals:2 | Killed Jorgrun
 72899 | Shoals:2 | Noticed Polyphemus
 72909 | Shoals:2 | Killed Polyphemus
 73052 | Shoals:3 | Noticed Roxanne
 73080 | Shoals:3 | Killed Roxanne
 73081 | Shoals:3 | Identified Roxanne's Incunabulum of Moulding (You took it off Roxanne on level 3 of the Shoals)
 73174 | Shoals:3 | Received a gift from Trog
 73207 | Shoals:3 | Reached skill level 15 in Bows
 73267 | Shoals:3 | Reached XP level 26. HP: 262/262 MP: 26/26
 73549 | Shoals:3 | Upgraded the game from 0.21-a0-243-g597973d to 0.21-a0-251-g5e8393f
 73550 | Shoals:4 | Entered Level 4 of the Shoals
 73550 | Shoals:4 | Noticed Ilsuiw
 73613 | Shoals:3 | Received a gift from Trog
 73794 | Shoals:4 | Got a warped chain mail
 73795 | Shoals:4 | Identified the +1 chain mail "Jined" {Int+3 Slay+2} (You acquired it on level 4 of the Shoals)
 73863 | Shoals:4 | Killed Ilsuiw
 73943 | Shoals:4 | Received a gift from Trog
 74376 | Shoals:4 | Identified Licat's Tome of Displaced Hexes
 74397 | Shoals:4 | Received a gift from Trog
 74560 | Shoals:4 | Got a barnacled rune of Zot
 75613 | Elf:1    | Entered Level 1 of the Elven Halls
 75707 | Elf:1    | Received a gift from Trog
 76642 | Elf:2    | Found Okkichun's Distillery.
 76651 | Elf:2    | Bought a potion of heal wounds for 95 gold pieces
 76651 | Elf:2    | Bought a potion of heal wounds for 95 gold pieces
 76651 | Elf:2    | Bought a potion of might for 76 gold pieces
 76848 | Elf:2    | Found a large runed door.
 76848 | Elf:2    | Found a large runed door.
 76882 | Elf:2    | Found a large runed door.
 76882 | Elf:2    | Found a large runed door.
 77249 | Elf:3    | Entered Level 3 of the Elven Halls
 77603 | Elf:3    | Found Utsok's Armour Shop.
 77648 | Elf:3    | Found Wuhuimp's Weapon Emporium.
 77711 | Elf:3    | Found Qewec Neg's Jewellery Emporium.
 77722 | Elf:3    | Bought the ring of Phasing {EV+8} for 1920 gold pieces
 77722 | Elf:3    | Found the ring of Phasing {EV+8}
 77763 | Elf:3    | Received a gift from Trog
 78494 | Elf:3    | Received a gift from Trog
 78513 | Elf:3    | Found the amulet of the Air {Inacc +Fly rElec EV+5 RMsl}
 78518 | Elf:3    | Reached XP level 27. HP: 174/273 MP: 26/26
 78628 | Elf:3    | Found the +5 pair of quick blades "Gyre" and "Gimble" {pierce, Dex-3}
 78650 | Elf:3    | Found the +6 lightning scales {run, rElec}
 78712 | Elf:3    | Identified the Collected Works on Mutagenic Summoning
 78715 | Elf:3    | Identified the +2 scale mail of Qukkorpho {rElec rF- Regen+ Int+4} (You found it on level 3 of the Elven Halls)
 78720 | Elf:3    | Identified the ring "Suowekh" {-Tele rElec rPois Int-2 SInv} (You found it on level 3 of the Elven Halls)
 78728 | Elf:3    | Identified Sif Muna's Catalogue of Excruciating Evil
 79070 | Temple   | Entered the Ecumenical Temple
 79237 | Temple   | Fell from the grace of Trog
 79237 | Temple   | Became a worshipper of the Shining One
 79472 | Vaults:1 | Reached skill level 1 in Invocations
 79722 | Crypt:1  | Reached * piety under the Shining One
 79876 | Crypt:1  | Reached ** piety under the Shining One
 80185 | Crypt:1  | Reached *** piety under the Shining One
 80207 | Crypt:1  | Reached skill level 5 in Invocations
 80595 | Crypt:2  | Reached **** piety under the Shining One
 80844 | Crypt:2  | Reached ***** piety under the Shining One
 81379 | Crypt:3  | Entered Level 3 of the Crypt
 81394 | Crypt:3  | Reached ****** piety under the Shining One
 81411 | Crypt:3  | Identified a +9 executioner's axe of holy wrath {god gift} (a +9 executioner's axe of electrocution {god gift} blessed by the Shining One)
 81411 | Crypt:3  | Received a gift from the Shining One
 81749 | Crypt:3  | Paralysed by Trog for 7 turns
 81767 | Crypt:3  | Reached skill level 10 in Invocations
 81892 | Crypt:3  | Found an ancient bone altar of Kikubaaqudgha.
 81892 | Crypt:3  | Found a basalt altar of Yredelemnul.
 82091 | Crypt:3  | Found a staircase to the Tomb.
 82395 | Crypt:3  | Found the +6 Majin-Bo {vamp, Archmagi MP+6 Int+6}
 82443 | Crypt:3  | Got a sparkling brass amulet
 82444 | Crypt:3  | Identified the amulet "Piepp" {Inacc Str+2} (You found it on level 3 of the Crypt)
 83390 | Vaults:5 | Entered Level 5 of the Vaults
 83720 | Vaults:5 | Cast into level 3 of the Abyss (vault warden)
 83980 | Vaults:5 | Escaped the Abyss
 84029 | Vaults:5 | Reached skill level 15 in Invocations
 84377 | Vaults:5 | Lost mutation: You are very agile. (Dex +4) [a cacodemon]
 84459 | Vaults:5 | Noticed an ancient lich
 84468 | Vaults:5 | Killed an ancient lich
 84624 | Vaults:5 | Identified the Tome of Aerial Earth
 84978 | Vaults:5 | Got an ichor-stained chain mail
 84994 | Vaults:5 | Got a silver rune of Zot
 86150 | Zot:1    | Entered Level 1 of the Realm of Zot
 86723 | Zot:1    | Paralysed by Trog for 7 turns
 88146 | Zot:2    | Reached skill level 10 in Armour
 89149 | Zot:3    | Got a smoking marble ring
 89150 | Zot:3    | Identified the ring of Sowyskor {+Inv MR+ Str-3 Dex+3 SInv} (You acquired it on level 3 of the Realm of Zot)
 89344 | Zot:3    | Was forgiven by Trog
 90378 | Zot:4    | Noticed Tiamat
 90404 | Zot:3    | Killed Tiamat
 91330 | Zot:5    | Entered Level 5 of the Realm of Zot
 91581 | Zot:5    | Noticed an ancient lich
 91591 | Zot:5    | Killed an ancient lich
 91698 | Zot:5    | Noticed an ancient lich
 91709 | Zot:5    | Killed an ancient lich
 91930 | Depths:5 | Voluntarily entered the Abyss.
 92243 | Abyss:3  | Got a pair of faintly glowing gloves
 92246 | Abyss:3  | Identified the cursed +0 pair of gloves of Intuition {Int+4} (You found it on level 3 of the Abyss)
 92429 | Abyss:3  | Lost mutation: You expend magic power (3 MP) to strengthen your wands. [potion of mutation]
 92429 | Abyss:3  | Lost mutation: Your spells are a little easier to cast, but a little less powerful. [potion of mutation]
 92429 | Abyss:3  | Lost mutation: Your body sometimes deteriorates upon taking damage. [potion of mutation]
 92429 | Abyss:3  | Lost mutation: You are agile. (Dex +2) [potion of mutation]
 92429 | Abyss:3  | Gained mutation: Your flesh is heat resistant. (rF+) [potion of mutation]
 92429 | Abyss:3  | Gained mutation: You are somewhat resistant to further mutation. [potion of mutation]
 92558 | Abyss:3  | Paralysed by accursed screaming for 1 turns
 92573 | Abyss:3  | Noticed an ancient lich
 92577 | Abyss:3  | Killed an ancient lich
 92579 | Abyss:3  | Gained mutation: You expend magic power (3 MP) to strengthen your wands. [a cacodemon]
 92584 | Abyss:3  | Gained mutation: You occasionally shout uncontrollably at your foes. [a cacodemon]
 93469 | Abyss:3  | Found a corrupted altar of Lugonu.
 93538 | Abyss:3  | Found a corrupted altar of Lugonu.
 93569 | Abyss:3  | Got an abyssal rune of Zot
 93606 | Abyss:3  | Paralysed by you for 5 turns
 93728 | Abyss:4  | Gained mutation: You sometimes yell uncontrollably at your foes. [a neqoxec]
 93802 | Abyss:4  | Found an opulent altar of Gozag.
 93808 | Depths:5 | Escaped the Abyss
 94316 | Slime:1  | Entered Level 1 of the Pits of Slime
 94335 | Slime:1  | Gained mutation: You are frail. (-10% HP) [a shining eye]
 94338 | Slime:1  | Gained mutation: Your body sometimes deteriorates upon taking damage. [a shining eye]
 94500 | Slime:5  | Entered Level 5 of the Pits of Slime
 94752 | Slime:5  | Found a viscous altar of Jiyva.
 94753 | Slime:5  | Noticed the Royal Jelly
 94774 | Slime:5  | Found the +0 sword of Power
 94782 | Slime:5  | Killed the Royal Jelly
 94957 | Slime:5  | Got a crude turquoise ring
 94958 | Slime:5  | Identified the ring "Neffe" {rElec rPois rF+ AC+2 Int+3} (You acquired it on level 5 of the Pits of Slime)
 94963 | Slime:5  | Identified the Papyrus of Boosting Ice
 94968 | Slime:5  | Learned a level 2 spell: Song of Slaying
 94986 | Slime:5  | Identified the Guide on Doomed Transmutation
 95005 | Slime:5  | Identified Sif Muna's Volume of Creation and the Snowflakes
 95017 | Slime:5  | Got a coiled bone ring
 95018 | Slime:5  | Identified the ring of Plog {+Inv rN+} (You found it on level 5 of the Pits of Slime)
 95056 | Slime:5  | Got a slimy rune of Zot
 95057 | Slime:5  | Identified the Papyrus of Calling
 95065 | Slime:5  | Got a flickering golden amulet
 95066 | Slime:5  | Identified the amulet "Zoocal" {Spirit rPois Str+4 SInv} (You found it on level 5 of the Pits of Slime)
 95592 | Depths:2 | Learned a level 5 spell: Aura of Abjuration
 95597 | Pan      | Entered Pandemonium
 95750 | Pan      | Noticed Wit Pips the pandemonium lord
 95758 | Pan      | Killed Wit Pips the pandemonium lord
 95760 | Pan      | HP: 7/256 [Hell Sentinel/damnation (40)]
 95765 | Pan      | HP: 7/256 [gelid warmonger/vampiric demon whip (19)]
 95765 | Pan      | The Shining One protects you from harm!
 96175 | Pan      | Found an exit through the horrors of the Abyss.
 96277 | Pan      | Noticed Ozat the pandemonium lord
 96289 | Pan      | Killed Ozat the pandemonium lord
 96355 | Pan      | Identified the Compendium of Protection and Summoning
 96897 | Pan      | Learned a level 3 spell: Portal Projectile
 97013 | Pan      | Got a demonic rune of Zot
 97268 | Pan      | Upgraded the game from 0.21-a0-251-g5e8393f to 0.21-a0-258-g4c0eb85
 97391 | Pan      | Noticed Qiapn the pandemonium lord
 97970 | Pan      | Noticed Boneap the pandemonium lord
 97987 | Pan      | Killed Boneap the pandemonium lord
 98144 | Pan      | Noticed Mecwapn the pandemonium lord
 98163 | Pan      | Killed Mecwapn the pandemonium lord
 98185 | Pan      | Got a slimy silver ring
 98186 | Pan      | Identified the ring of the Crown {+Inv MR++ AC+1 Int-2} (You found it in Pandemonium)
 98190 | Pan      | Identified the Papyrus of the Supportive Frostbite
 98194 | Pan      | Learned a level 1 spell: Summon Butterflies
 98540 | Pan      | Noticed Ifutsum the pandemonium lord
 98547 | Pan      | Killed Ifutsum the pandemonium lord
 98628 | Pan      | Lost mutation: You are resistant to electric shocks. (rElec) [potion of mutation]
 98628 | Pan      | Lost mutation: You are frail. (-10% HP) [potion of mutation]
 98628 | Pan      | Gained mutation: You are resistant to electric shocks. (rElec) [potion of mutation]
 98629 | Pan      | Lost mutation: You are resistant to electric shocks. (rElec) [potion of mutation]
 98629 | Pan      | Lost mutation: You are partially covered in icy blue scales. (AC +2) [potion of mutation]
 98629 | Pan      | Lost mutation: You are somewhat resistant to further mutation. [potion of mutation]
 98629 | Pan      | Gained mutation: You are frail. (-10% HP) [potion of mutation]
 98629 | Pan      | Gained mutation: You are surrounded by a mild repulsion field. (EV +2) [potion of mutation]
 98629 | Pan      | Gained mutation: You can exhale a cloud of poison. [potion of mutation]
 98629 | Pan      | Gained mutation: Your skin changes colour to match your surroundings (Stealth+). [potion of mutation]
 98630 | Pan      | Lost mutation: You can exhale a cloud of poison. [potion of mutation]
 98630 | Pan      | Lost mutation: Your body sometimes deteriorates upon taking damage. [potion of mutation]
 98630 | Pan      | Lost mutation: Your flesh is heat resistant. (rF+) [potion of mutation]
 98630 | Pan      | Gained mutation: You are very frail. (-20% HP) [potion of mutation]
 98630 | Pan      | Gained mutation: Your tail ends in a poisonous barb. [potion of mutation]
 98631 | Pan      | Lost mutation: Your tail ends in a poisonous barb. [potion of mutation]
 98631 | Pan      | Lost mutation: You are very frail. (-20% HP) [potion of mutation]
 98631 | Pan      | Lost mutation: You expend magic power (3 MP) to strengthen your wands. [potion of mutation]
 98631 | Pan      | Gained mutation: Your movements are slightly less encumbered by armour. (ER -2) [potion of mutation]
 98631 | Pan      | Gained mutation: Your spells are a little harder to cast, but a little more powerful. [potion of mutation]
 98731 | Pan      | Found an exit through the horrors of the Abyss.
 98747 | Pan      | Entered the realm of Cerebov.
 99298 | Pan      | Identified the Guide on the Igneous Mountains
 99408 | Pan      | Identified the Catalogue of Ignition and Hexes
 99441 | Pan      | Identified the Guide on Augmentations and Creation
 99447 | Pan      | Learned a level 3 spell: Spectral Weapon
 99506 | Pan      | Noticed Cerebov
 99532 | Pan      | Killed Cerebov
 99580 | Pan      | Got a fiery rune of Zot
 99606 | Pan      | Got a faintly glowing plate armour
 99608 | Pan      | Identified the cursed +0 plate armour of the Hot Ocelot {+Blink MR+ Str+3} (You found it in Pandemonium)
 99901 | Pan      | Gained mutation: You are clumsy. (Dex -2) [a cacodemon]
100085 | Pan      | Found an exit through the horrors of the Abyss.
100111 | Pan      | Entered the realm of Mnoleg.
100111 | Pan      | Noticed Mnoleg
100119 | Pan      | Lost mutation: Your spells are a little harder to cast, but a little more powerful. [a shining eye]
100126 | Pan      | Killed Mnoleg
100166 | Pan      | Got a transparent iron ring
100167 | Pan      | Identified the ring "Pawkiunu" {*Tele rPois Str+3} (You found it in Pandemonium)
100439 | Pan      | Got a glowing rune of Zot
100839 | Pan      | Entered the realm of Gloorx Vloq.
100878 | Pan      | Noticed Gloorx Vloq
100889 | Pan      | Killed Gloorx Vloq
100943 | Pan      | Got a dark rune of Zot
101176 | Pan      | Entered the realm of Lom Lobon.
101230 | Pan      | Reached skill level 27 in Bows
101379 | Pan      | Noticed Lom Lobon
101409 | Pan      | Killed Lom Lobon
101444 | Pan      | Got a magical rune of Zot
101607 | Pan      | Reached skill level 15 in Armour
101717 | Pan      | Found a runed door.
101747 | Pan      | Found an exit through the horrors of the Abyss.
101783 | Pan      | Gained mutation: You are dopey. (Int -2) [a cacodemon]
101809 | Pan      | Gained mutation: You frequently scream uncontrollably at your foes. [a neqoxec]
102380 | Pan      | Noticed Yruril the pandemonium lord
102393 | Pan      | Killed Yruril the pandemonium lord
102443 | Pan      | Took an exit into the Abyss.
102443 | Abyss:1  | Escaped into the Abyss
102535 | Depths:2 | Escaped the Abyss
102576 | Hell     | Entered the Vestibule of Hell
102576 | Hell     | Noticed Geryon
102608 | Hell     | Gained mutation: You expend magic power (3 MP) to strengthen your wands. [a cacodemon]
102621 | Hell     | Killed Geryon
102685 | Hell     | Found a gateway to the freezing wastes of Cocytus.
102815 | Hell     | Found a gateway to the Iron City of Dis.
102869 | Hell     | Found a gateway to the ashen valley of Gehenna.
102963 | Hell     | Found a gateway to the decaying netherworld of Tartarus.
103073 | Geh:1    | Entered Level 1 of Gehenna
104514 | Geh:7    | Entered Level 7 of Gehenna
104703 | Geh:7    | Upgraded the game from 0.21-a0-258-g4c0eb85 to 0.21-a0-260-g9b2435e
105482 | Geh:7    | Noticed Asmodeus
105502 | Geh:7    | Killed Asmodeus
105530 | Geh:7    | Got an obsidian rune of Zot
105918 | Geh:7    | Gained mutation: You are weak. (Str -2) [mutagenic glow]
105975 | Hell     | Upgraded the game from 0.21-a0-260-g9b2435e to 0.21-a0-264-g3e31e41
106024 | Tar:1    | Entered Level 1 of Tartarus
106381 | Tar:7    | Entered Level 7 of Tartarus
106639 | Tar:7    | Noticed Ereshkigal
106660 | Tar:7    | Killed Ereshkigal
106685 | Tar:7    | Got a bone rune of Zot
107328 | Tar:7    | Reached skill level 27 in Fighting
107863 | Dis:1    | Entered Level 1 of the Iron City of Dis
108214 | Dis:4    | Reached skill level 27 in Axes
108514 | Dis:7    | Entered Level 7 of the Iron City of Dis
108893 | Dis:7    | Noticed Dispater
108913 | Dis:7    | Killed Dispater
108913 | Dis:7    | Reached skill level 27 in Invocations
108928 | Dis:7    | Got an iron rune of Zot
109239 | Coc:1    | Entered Level 1 of Cocytus
110305 | Coc:7    | Entered Level 7 of Cocytus
110353 | Coc:7    | Noticed the Serpent of Hell
111454 | Coc:7    | Killed the Serpent of Hell
111720 | Coc:7    | Noticed Antaeus
111744 | Coc:7    | Killed Antaeus
111753 | Coc:7    | Got an icy rune of Zot
112165 | Tomb:1   | Entered Level 1 of the Tomb of the Ancients
113760 | Tomb:1   | Noticed a greater mummy
114039 | Tomb:1   | Killed a greater mummy
114219 | Tomb:1   | Noticed a greater mummy
114237 | Tomb:1   | HP: 8/253 [greater mummy/divine providence (12)]
114256 | Tomb:1   | Killed a greater mummy
114256 | Tomb:1   | Reached skill level 1 in Summonings
114601 | Tomb:1   | Reached skill level 1 in Spellcasting
114968 | Tomb:1   | Upgraded the game from 0.21-a0-264-g3e31e41 to 0.21-a0-265-gb353147
115427 | Zig:1    | Entered Level 1 of a ziggurat
115450 | Zig:2    | Entered Level 2 of a ziggurat
115476 | Zig:3    | Entered Level 3 of a ziggurat
115479 | Zig:3    | Noticed a juggernaut
115493 | Zig:3    | Killed a juggernaut
115553 | Zig:4    | Entered Level 4 of a ziggurat
115584 | Zig:4    | Learned a level 3 spell: Lesser Beckoning
115589 | Zig:4    | Learned a level 4 spell: Passage of Golubria
115595 | Zig:5    | Entered Level 5 of a ziggurat
115601 | Zig:5    | Noticed Nuferrud the pandemonium lord
115605 | Zig:5    | p0werm0de: ZOOOOOOOOOOOOOOOOOOFFFFFFF
115606 | Zig:5    | p0werm0de: a naga in a zig
115608 | Zig:5    | Killed Nuferrud the pandemonium lord
115619 | Zig:5    | Identified the Collected Works on Enthralling Shape Shifting
115630 | Zig:6    | Entered Level 6 of a ziggurat
115631 | Zig:6    | Goblin1989: :)
115631 | Zig:6    | p0werm0de: fetch dem goodies
115631 | Zig:6    | p0werm0de: check this man...
115633 | Zig:6    | p0werm0de: !lg p0werm0de grck -log
115633 | Zig:6    | beem: 56. p0werm0de, XL26 GrCK, T:26191: http://crawl.xtahua.com/crawl/morgue/p0werm0de/morgue-p0werm0de-20170910-153201.txt
115633 | Zig:6    | p0werm0de: ;/
115654 | Zig:6    | Identified the Catalogue of Icy Poisoning
115659 | Zig:6    | Identified Sif Muna's Compendium of Bewitchment and Stones
115688 | Zig:7    | Entered Level 7 of a ziggurat
115745 | Zig:7    | Got a glittering ivory ring
115751 | Zig:7    | Identified the ring "Jugilouv" {+Fly rC- rN+ Dex+2} (You found it on level 7 of a ziggurat)
115764 | Zig:8    | Entered Level 8 of a ziggurat
115769 | Zig:8    | p0werm0de: Dzień dobry
115770 | Zig:8    | 4thArraOfDagon: :)
115770 | Zig:8    | Goblin1989: o_O
115949 | Zig:9    | Entered Level 9 of a ziggurat
115982 | Zig:9    | Reached skill level 10 in Summonings
116043 | Zig:10   | Entered Level 10 of a ziggurat
116141 | Zig:10   | Found the ring of the Octopus King
116150 | Zig:10   | Identified Spellcasting Continued
116159 | Zig:10   | Got an ancient plate armour
116160 | Zig:10   | Identified the +1 plate armour of Distant Worlds {Int+7} (You found it on level 10 of a ziggurat)
116167 | Zig:10   | Got a ring of the Octopus King
116168 | Zig:10   | Identified a ring of the Octopus King {rF+ AC+1 EV+1 Str+1 Int+1 Dex+1} (You found it on level 10 of a ziggurat)
116170 | Zig:10   | Got a distressingly furry robe
116197 | Zig:11   | Entered Level 11 of a ziggurat
116643 | Zig:12   | Entered Level 12 of a ziggurat
116677 | Zig:12   | Reached skill level 5 in Spellcasting
116703 | Zig:12   | Found the +4 Vampire's Tooth {vamp}
116819 | Zig:13   | Entered Level 13 of a ziggurat
116882 | Zig:13   | Got a heavily runed iron ring
116883 | Zig:13   | Identified the cursed ring "Giuheer" {MR++ EV-2 Dex+4} (You found it on level 13 of a ziggurat)
116891 | Zig:13   | Got a dazzling chain mail
116897 | Zig:13   | Got a pair of spiked gloves
116908 | Zig:13   | Identified the +1 pair of gloves of the Devil's Team {Int+7} (You found it on level 13 of a ziggurat)
116996 | Zig:14   | Entered Level 14 of a ziggurat
117040 | Zig:14   | Paralysed by accursed screaming for 1 turns
117275 | Zig:14   | Got a sparkling brass ring
117287 | Zig:14   | Identified Winwot's Grimoire of the Traveller and Beguiling
117291 | Zig:14   | Got an opalescent robe
117302 | Zig:15   | Entered Level 15 of a ziggurat
117589 | Zig:15   | Identified the ring "Teulat" {Wiz rN+} (You found it on level 14 of a ziggurat)
117596 | Zig:15   | Got a heavily jewelled robe
117657 | Zig:16   | Entered Level 16 of a ziggurat
117735 | Zig:16   | Noticed a juggernaut
117743 | Zig:16   | Killed a juggernaut
117803 | Zig:16   | Noticed a juggernaut
117809 | Zig:16   | Killed a juggernaut
118008 | Zig:16   | Found the +8 glaive of the Guard {elec, +Rage AC+5 SInv}
118074 | Zig:17   | Entered Level 17 of a ziggurat
118120 | Zig:17   | Noticed an ancient lich
118122 | Zig:17   | Reached skill level 15 in Summonings
118142 | Zig:17   | Killed an ancient lich
118146 | Zig:17   | Gained mutation: You tend to lose your temper in combat. [a shining eye]
118252 | Zig:17   | Lost mutation: You are clumsy. (Dex -2) [potion of mutation]
118252 | Zig:17   | Lost mutation: You are frail. (-10% HP) [potion of mutation]
118252 | Zig:17   | Lost mutation: You tend to lose your temper in combat. [potion of mutation]
118252 | Zig:17   | Gained mutation: You are clumsy. (Dex -2) [potion of mutation]
118252 | Zig:17   | Lost mutation: You expend magic power (3 MP) to strengthen your wands. [potion of mutation]
118252 | Zig:17   | Gained mutation: Your spells are a little harder to cast, but a little more powerful. [potion of mutation]
118263 | Zig:17   | Got a smoking turquoise ring
118295 | Zig:17   | Reached skill level 5 in Translocations
118508 | D:15     | Identified the ring of the Rose {rElec MR+} (You found it on level 17 of a ziggurat)
118910 | Tomb:2   | Noticed a greater mummy
118910 | Tomb:2   | Noticed Boris
118911 | Tomb:2   | Noticed a greater mummy
118911 | Tomb:2   | Noticed a greater mummy
118915 | Tomb:2   | Noticed a greater mummy
119238 | Tomb:2   | Killed a greater mummy
119239 | Tomb:2   | Killed a greater mummy
119241 | Tomb:2   | Killed Boris
119241 | Tomb:2   | Killed a greater mummy
119245 | Tomb:2   | Killed a greater mummy
119339 | Tomb:2   | Noticed a greater mummy
119351 | Tomb:2   | Killed a greater mummy
119939 | Tomb:1   | Noticed a greater mummy
119939 | Tomb:1   | Noticed a greater mummy
119939 | Tomb:1   | Noticed a greater mummy
119942 | Tomb:1   | Noticed a greater mummy
119946 | Tomb:1   | Killed a greater mummy
119946 | Tomb:1   | Killed a greater mummy
119946 | Tomb:1   | Killed a greater mummy
119958 | Tomb:1   | Killed a greater mummy
120198 | Tomb:1   | Noticed a greater mummy
120200 | Tomb:1   | Noticed a greater mummy
120216 | Tomb:1   | Killed a greater mummy
120220 | Tomb:1   | Killed a greater mummy
120493 | Tomb:1   | Noticed a greater mummy
120503 | Tomb:1   | Killed a greater mummy
120503 | Tomb:1   | Reached skill level 1 in Hexes
120503 | Tomb:1   | Reached skill level 10 in Translocations
120668 | Tomb:1   | Noticed a greater mummy
120681 | Tomb:1   | Killed a greater mummy
120811 | Tomb:1   | Noticed a greater mummy
120821 | Tomb:1   | Killed a greater mummy
120827 | Tomb:1   | Noticed a greater mummy
120835 | Tomb:1   | Killed a greater mummy
120987 | Tomb:1   | Noticed a greater mummy
120990 | Tomb:1   | Killed a greater mummy
121104 | Tomb:1   | Noticed a greater mummy
121117 | Tomb:1   | Killed a greater mummy
121256 | Tomb:1   | Noticed a greater mummy
121268 | Tomb:1   | Killed a greater mummy
121268 | Tomb:1   | Reached skill level 5 in Hexes
121416 | Tomb:2   | Noticed Khufu
121421 | Tomb:2   | Noticed a greater mummy
121428 | Tomb:2   | Killed Khufu
121436 | Tomb:2   | Killed a greater mummy
121819 | Tomb:3   | Entered Level 3 of the Tomb of the Ancients
121880 | Tomb:3   | HP: 8/293 [guardian mummy's death curse (23)]
121885 | Tomb:3   | Noticed a greater mummy
121886 | Tomb:3   | Noticed a greater mummy
121896 | Tomb:3   | Killed a greater mummy
121897 | Tomb:3   | Noticed a greater mummy
121898 | Tomb:3   | HP: 12/292 [ushabti] (11)]
121898 | Tomb:3   | Killed from afar by a greater mummy

Vault maps used:
D:1:      lemuel_arrival_river_passageway
D:2:      grunt_ministairs_8
D:3:      st_stairs_5, uniq_jessica
D:4:      overflow_temple_1_default, first_bread, uniq_duvessa
D:5:      cheibrodos_fzero, overflow_temple_1_default,
          nicolae_overflow_crystal_walls, minmay_temple_entry_purple_smoke
D:6:      zin_angel, minmay_misc_feat_room, uniq_crazy_yiuf_cottage,
          uniq_menkaure
D:7:      the_bakery
D:8:      uniq_maurice
D:9:      dpeg_lair_monsters, david_orc_3, uniq_joseph
D:10:     uniq_josephine
D:11:     lightli_church_of_beogh
D:13:     grunt_vaults_entry_tiered, grunt_ministairs_11, minmay_hidden_floor
D:15:     grunt_enter_depths_hoard, trove_entry_hex_spiral,
          kennysheep_flooded_box, lab_entry_generic, spider_trap,
          minmay_misc_feat_tower
Temple:   dpeg_five_rooms_temple
Lair:2:   regret_index_tunnel_blossom, st_stairs_7, minmay_lair_oklob_chamber
Lair:3:   minmay_shoals_entry_beasts, beast_lair_carwin_4
Lair:4:   beast_lair_carwin_large_1, guppyfry_snake_entry_island
Lair:5:   portal_ice_cave_entry_ice_beasts, grunt_megastairs_3
Lair:6:   minmay_lair_end_frog_pond, dpeg_slime_entry_corner, basic_altar
Shoals:1: serial_shops, shop
Shoals:2: nicolae_shoals_arrival_archipelago, uniq_polyphemus, uniq_jorgrun
Shoals:3: uniq_roxanne
Shoals:4: shoals_end_simple, shoal_ilsuiw, yaktaur_hedge
Snake:2:  uniq_saint_roka
Snake:3:  grunt_ministairs_2, uniq_azrael, uniq_aizul, uniq_bai_suzhen
Snake:4:  snake_pit, serial_bayou_pond_a, uniq_agnes, uniq_nikola, uniq_vashnia
Slime:1:  basic_altar, nicolae_slime_barrier
Slime:4:  nicolae_slime_round_cave
Orc:1:    basic_altar, serial_shops, shop_coins
Orc:2:    st_orc_mages
Elf:1:    minmay_elf_arrival_circle, nicolae_elf_big_sculpture_3
Elf:2:    serial_shops, shop
Elf:3:    minmay_elf_hall_statues, special_room, serial_shops,
          nicolae_shop_temple_entry_statues_fountains, shop, shop
Vaults:1: hangedman_vaults_slither, vaults_standard_mumra_enter_the_diamond,
          nicolae_vaults_shelves_hall, grunt_vaults_focal,
          hangedman_vaults_restitches, hangedman_vaults_trim,
          grunt_vaults_funnel, nicolae_vaults_diagonal_hallway_6, v_misc_25,
          v_misc_18, v_misc_8, serial_shops, nicolae_shop_overgrown_old_shop
Vaults:2: nicolae_vaults_quartermaster, v_misc_29,
          nicolae_vaults_sealed_display, v_pattern_5, vaults_dpeg_spiral,
          nicolae_vaults_windows_and_doors_thing, ontoclasm_vaults_chip,
          uniq_mara, uniq_xtahua
Vaults:3: grunt_vaults_hallway_short, vaults_dpeg_doors,
          minmay_crypt_entry_nasty_monster, hangedman_vaults_trim,
          vaults_mumra_hexcomb, v_pattern_3, nicolae_vaults_circle_grid_a,
          ontoclasm_vaults_shuriken, st_check, ontoclasm_vaults_bender,
          vaults_room_fours, uniq_margery
Vaults:4: v_misc_33, dpeg_vaults_monster_box, v_misc_3,
          nicolae_vaults_mini_display_case, ontoclasm_vaults_eye,
          nicolae_vaults_little_squares_3, v_alt_pattern_6,
          ontoclasm_vaults_decontamination, grunt_vaults_hallway_short,
          v_misc_19
Crypt:1:  lemuel_dead_fish_pool, grunt_megastairs_4
Crypt:2:  st_stairs_10, minmay_strange_pillars, minicrypt_bobbens
Crypt:3:  lightli_unholy_cathedral, tomb_entry_simple_bobbens
Tomb:2:   uniq_boris, uniq_khufu
Depths:1: minmay_room_of_horrors, lemuel_crystal_altar, mu_enter_wizlab_2,
          hell_entry, minmay_misc_feat_five, hangedman_devilish_allure
Depths:2: gammafunk_jiyva_shrine, enter_ziggurat_f,
          grunt_hell_entry_demonic_statue, abyss_entry, pan_entry,
          roderic_lattice_a, st_stairs_6, uniq_enchantress
Depths:3: cheibrodos_cascadia, pan_entry, pf_coc_iceberg,
          abyss_entry_flame_altar, infiniplex_staircase_pillars_3b,
          kennysheep_random_hallway, minmay_shop_grove, serial_bayou_shore_b,
          uniq_frederick
Depths:4: giant_chief_lemuel, abyss_entry_small_statue_room, hell_entry,
          rand_demon_pan_entry_3, fountainhead, kennysheep_dice,
          infiniplex_staircase_split_hallway
Depths:5: grunt_twist_and_shout, abyss_entry, hex_tiny,
          grunt_hell_entry_dis_grunt, basic_stair_grate_trap
Dis:7:    iron_city_of_dis, nrook_loot_triangle
Geh:4:    evilmike_ambush
Geh:6:    grunt_megastairs_1
Geh:7:    geh_hangedman
Coc:7:    coc_dpeg
Tar:1:    nicolae_tar_fractal_crypt
Tar:2:    nicolae_tar_cuneiform_two
Tar:7:    tar_mu
Zot:1:    zot_minivault_4
Zot:2:    hangedman_zot_gyre
Zot:3:    grunt_ministairs_14
Zot:4:    st_stairs_5, uniq_tiamat
Zot:5:    st_stairs_11
Abyss:3:  minivault_5, hangedman_decor_peaks_small, minivault_28,
          serial_sigils_hangedman_gut, nicolae_abyss_rune_star_stuff
Abyss:4:  abyss_exit_lava, hangedman_abyss_overflow_altar
Pan:      rand_demon_2, evilmike_mini_pan_pillars_b, pan_blood_fountain,
          evilmike_mini_pan_branches, grunt_pan_sceptre,
          evilmike_mini_pan_pillars, nicolae_pan_sigil_itan,
          nicolae_pan_cerebovesque_4, evilmike_holy_pan,
          regret_index_pan_draining_boxed, nicolae_pan_glass_arcs,
          pan_blood_fountain_small, grunt_pan_spiral, rand_demon_4,
          nicolae_pan_mnolegish_4, rand_demon_2, evilmike_mini_pan_pillars_b,
          evilmike_mini_pan_other_thingy, evilmike_mini_pan_pillars,
          nicolae_pan_sigil_uleosi, nicolae_pan_lom_lobonic_2,
          evilmike_mini_pan_layers, rand_demon_8, rand_demon_8,
          reaverb_pan_chaos_star, nicolae_pan_mnolegish_3,
          nicolae_pan_sick_transit, cerebov_st, pan_blood_fountain_2,
          rand_demon_1, gammafunk_dig_for_victory, pan_blood_fountain_small,
          grunt_pan_frozen_over, evilmike_mnoleg_eyes, gloorx_vloq_st,
          pan_captured_pigsty, lom_lobon_spiral_st, rand_demon_9
Zig:14:   ziggurat_pillar_centre_dead_trees
Zig:17:   ziggurat_pillar_centre_c
Lab:      labyrinth_mini_lab, nicolae_lab_statue, nicolae_lab_stuck,
          nicolae_lab_blocks, nicolae_lab_grate_2, labyrinth_skeletal_remains,
          nicolae_lab_hexagon
Trove:    trove_simple
IceCv:    ice_cave_caverns_01
WizLab:   wizlab_cloud

Skill      XL: |  1  2  3  4  5  6  7  8  9 10 11 12 13 14 15 16 17 18 19 20 21 22 23 24 25 26 27 |
---------------+----------------------------------------------------------------------------------+-----
Axes           | 4 6 7 8 9 10 11 12 13 14 15 17 18 20 21 22 23 24 25 26 27 | 27.0
Evocations     | 1 3 5 |  5.0
Armour         | 2 3 4 5 6 7 8 22 | 22.4
Fighting       | 4 5 6 7 8 9 10 12 13 14 15 16 17 18 19 20 21 27 | 27.0
Dodging        | 3 4 5 6 7 8 9 10 11 12 13 14 15 16 17 18 26 | 26.8
Bows           | 2 5 7 9 11 13 14 15 17 27 | 27.0
Invocations    | 27 | 27.0
Summonings     | 16 | 16.0
Spellcasting   | 9 |  9.0
Translocations | 10 | 10.3
Hexes          | 9 |  9.1
Stealth        | |  0.4

Action                   |  1- 3 |  4- 6 |  7- 9 | 10-12 | 13-15 | 16-18 | 19-21 | 22-24 | 25-27 || total
-------------------------+-------+-------+-------+-------+-------+-------+-------+-------+-------++-------
Melee: Hand axe          |   131 |   168 |   527 |   893 |   924 |       |       |       |       ||  2643
       Battleaxe         |       |       |       |    16 |       |       |       |       |       ||    16
       Constrict         |       |       |       |       |   237 |   184 |   170 |   175 |   916 ||  1682
       Executioner's axe |       |       |       |       |   143 |   785 |   894 |  1118 |  6203 ||  9143
       Broad axe         |       |       |       |       |   182 |       |       |       |       ||   182
 Fire: Shortbow          |       |       |       |     3 |   775 |   134 |       |       |       ||   912
       Longbow           |       |       |       |       |       |    29 |    39 |    38 |  1656 ||  1762
Throw: Tomahawk          |       |       |     1 |     1 |       |       |       |       |       ||     2
 Cast: Aura of Abjuratio |       |       |       |       |       |       |       |       |     9 ||     9
Invok: Berserk           |     2 |     3 |    16 |    14 |     3 |     2 |     1 |       |     1 ||    42
       Trog's Hand       |       |     2 |     3 |     4 |     1 |     3 |     1 |     4 |     1 ||    19
       Brothers in Arms  |       |       |       |     4 |     6 |     5 |       |     4 |     1 ||    20
       Burn Spellbooks   |       |       |       |     1 |     2 |       |     3 |     3 |     6 ||    15
       Cleansing Flame   |       |       |       |       |       |       |       |       |    98 ||    98
       Summon Divine War |       |       |       |       |       |       |       |       |     8 ||     8
       Divine Shield     |       |       |       |       |       |       |       |       |     4 ||     4
       Brand Weapon With |       |       |       |       |       |       |       |       |     1 ||     1
 Abil: Spit Poison       |       |       |     1 |     4 |     1 |     1 |       |       |       ||     7
       Evoke Flight      |       |       |       |       |       |       |       |       |     7 ||     7
Evoke: Wand              |       |       |     3 |    19 |     2 |       |       |     1 |    10 ||    35
       Lamp of fire      |       |       |       |       |       |       |       |     1 |       ||     1
       Box of beasts     |       |       |       |       |       |       |       |     1 |       ||     1
       Lightning rod     |       |       |       |       |       |       |       |     1 |       ||     1
  Use: Potion            |       |     4 |     1 |     3 |     1 |       |       |     1 |    53 ||    63
       Scroll            |       |       |     8 |     9 |    13 |    12 |    14 |    13 |    78 ||   147
 Stab: Confused          |       |       |     2 |     3 |       |       |       |       |       ||     5
       Distracted        |       |       |       |       |     2 |       |     2 |       |       ||     4
  Eat: Chunk             |     4 |     7 |    30 |    30 |    37 |    24 |    25 |    24 |    38 ||   219
       Fruit             |       |     1 |     2 |     7 |     5 |     2 |       |     1 |    33 ||    51
       Royal jelly       |       |       |     1 |     3 |     1 |     9 |     3 |     1 |    23 ||    41
       Meat ration       |       |       |       |     1 |       |       |       |       |     2 ||     3
       Bread ration      |       |       |       |       |       |       |       |     1 |    11 ||    12
Armor: Animal skin       |    20 |       |       |       |       |       |       |       |       ||    20
       Ring mail         |    10 |    43 |    73 |       |       |       |       |       |       ||   126
       Scale mail        |       |       |   132 |   118 |       |       |       |       |       ||   250
       Plate armour      |       |       |       |   391 |   739 |   692 |    52 |       |    40 ||  1914
       Leather armour    |       |       |       |       |    10 |       |       |       |       ||    10
       Chain mail        |       |       |       |       |       |       |   568 |   720 |   917 ||  2205
       Gold dragon scale |       |       |       |       |       |       |       |       |  3367 ||  3367
Dodge: Dodged            |    83 |    70 |   172 |   344 |   727 |   648 |   645 |   916 |  5753 ||  9358
Block: Other             |       |       |       |       |       |       |   145 |   176 |    38 ||   359
       Reflection        |       |       |       |       |       |       |    19 |     8 |       ||    27

Table legend:
 A = Spawn XP
 B = Non-spawn XP
 C = Spawn XP percentage of total XP
 D = Spawn monster count
 E = Non-spawn monster count
 F = Spawn count percentage of total count
 G = Total turns spent on level
                    A         B        C        D         E        F      G
               +---------+---------+-------+---------+---------+-------+---------
         Total |  516340 | 3830863 |  11.9 |     869 |    4699 |  15.6 | 121898
               +---------+---------+-------+---------+---------+-------+---------
           D:1 |      10 |      15 |  40.0 |       5 |       9 |  35.7 |  1406
           D:2 |      11 |      72 |  13.3 |       7 |      16 |  30.4 |  1540
           D:3 |      54 |     255 |  17.5 |       7 |      22 |  24.1 |  1037
           D:4 |      83 |     269 |  23.6 |       7 |       5 |  58.3 |   910
           D:5 |     143 |     398 |  26.4 |       3 |      12 |  20.0 |   926
           D:6 |     357 |     948 |  27.4 |       9 |      16 |  36.0 |  1702
           D:7 |     522 |    1409 |  27.0 |       8 |      26 |  23.5 |  1919
           D:8 |     797 |    1950 |  29.0 |       8 |      32 |  20.0 |  1657
           D:9 |     853 |    4667 |  15.5 |      10 |      40 |  20.0 |  2093
          D:10 |    1193 |    5370 |  18.2 |      12 |      28 |  30.0 |  1504
          D:11 |     856 |    6154 |  12.2 |       4 |      48 |   7.7 |  1750
          D:12 |    1028 |    3310 |  23.7 |      11 |      15 |  42.3 |  1107
          D:13 |    1491 |   14185 |   9.5 |       8 |      52 |  13.3 |  1575
          D:14 |     876 |    8141 |   9.7 |       3 |      29 |   9.4 |  1276
          D:15 |    5235 |   16481 |  24.1 |       8 |      33 |  19.5 |  1693
        Lair:1 |     462 |    3950 |  10.5 |       4 |      18 |  18.2 |  1466
        Lair:2 |     971 |   10982 |   8.1 |       5 |      71 |   6.6 |  2009
        Lair:3 |    2150 |    3733 |  36.5 |       8 |      16 |  33.3 |  1527
        Lair:4 |    2827 |    8389 |  25.2 |      11 |      30 |  26.8 |  2278
        Lair:5 |    2218 |    7180 |  23.6 |      10 |      32 |  23.8 |  1456
        Lair:6 |    8621 |   20025 |  30.1 |      31 |      65 |  32.3 |  3354
      Shoals:1 |     482 |   13467 |   3.5 |       2 |      27 |   6.9 |  1054
      Shoals:2 |    2582 |   19097 |  11.9 |       6 |      26 |  18.8 |   846
      Shoals:3 |    3262 |   19868 |  14.1 |       8 |      39 |  17.0 |   939
      Shoals:4 |    7563 |   49243 |  13.3 |      13 |      78 |  14.3 |  1528
       Snake:1 |    7712 |   22875 |  25.2 |      15 |      45 |  25.0 |  2784
       Snake:2 |    4332 |    9856 |  30.5 |      10 |      21 |  32.3 |  1744
       Snake:3 |   15313 |   26353 |  36.8 |      26 |      37 |  41.3 |  4297
       Snake:4 |   19385 |   55815 |  25.8 |      30 |      86 |  25.9 |  4242
       Slime:1 |       0 |    4964 |   0.0 |       0 |       3 |   0.0 |    36
       Slime:2 |       0 |    8004 |   0.0 |       0 |      18 |   0.0 |    99
       Slime:3 |       0 |    3947 |   0.0 |       0 |       6 |   0.0 |    43
       Slime:4 |       0 |    6368 |   0.0 |       0 |       7 |   0.0 |   190
       Slime:5 |       0 |   41036 |   0.0 |       0 |      32 |   0.0 |   552
         Orc:1 |       0 |    4859 |   0.0 |       0 |      33 |   0.0 |  1252
         Orc:2 |    1145 |    9049 |  11.2 |      11 |      80 |  12.1 |  1363
         Elf:1 |    1505 |    8323 |  15.3 |       2 |      17 |  10.5 |   849
         Elf:2 |    3322 |   14045 |  19.1 |       5 |      21 |  19.2 |  1166
         Elf:3 |    3544 |   61405 |   5.5 |       6 |      64 |   8.6 |  1309
      Vaults:1 |   17865 |   35256 |  33.6 |      29 |      52 |  35.8 |  2128
      Vaults:2 |   18999 |   73713 |  20.5 |      21 |      94 |  18.3 |  3816
      Vaults:3 |   38713 |   72224 |  34.9 |      53 |     107 |  33.1 |  3175
      Vaults:4 |   31858 |   43607 |  42.2 |      40 |      57 |  41.2 |  2181
      Vaults:5 |   14381 |  179652 |   7.4 |      14 |     153 |   8.4 |  1740
       Crypt:1 |    4880 |   27685 |  15.0 |       9 |      49 |  15.5 |  1501
       Crypt:2 |    4075 |   22988 |  15.1 |       8 |      39 |  17.0 |   943
       Crypt:3 |    3804 |   77041 |   4.7 |       3 |      77 |   3.8 |  1278
        Tomb:1 |       0 |  145126 |   0.0 |       0 |      91 |   0.0 |  3747
        Tomb:2 |       0 |   78362 |   0.0 |       0 |      65 |   0.0 |  1132
        Tomb:3 |       0 |   56928 |   0.0 |       0 |      87 |   0.0 |    79
      Depths:1 |   16091 |   26753 |  37.6 |      18 |      58 |  23.7 |  2196
      Depths:2 |    7297 |   83210 |   8.1 |       8 |      97 |   7.6 |  1738
      Depths:3 |   17827 |   85276 |  17.3 |      23 |      80 |  22.3 |  3002
      Depths:4 |   14731 |   70200 |  17.3 |      19 |      75 |  20.2 |  1985
      Depths:5 |    6513 |   62328 |   9.5 |      11 |      41 |  21.2 |  1525
          Hell |       0 |   56703 |   0.0 |       0 |      72 |   0.0 |  1487
         Dis:1 |       0 |   32237 |   0.0 |       0 |      60 |   0.0 |   263
         Dis:3 |       0 |     787 |   0.0 |       0 |       1 |   0.0 |    48
         Dis:4 |       0 |   18618 |   0.0 |       0 |      26 |   0.0 |   173
         Dis:5 |       0 |    2785 |   0.0 |       0 |       3 |   0.0 |    25
         Dis:6 |       0 |   11249 |   0.0 |       0 |      12 |   0.0 |   119
         Dis:7 |       0 |  111291 |   0.0 |       0 |      82 |   0.0 |   670
         Geh:1 |       0 |   10218 |   0.0 |       0 |      20 |   0.0 |   179
         Geh:2 |       0 |   31336 |   0.0 |       0 |      49 |   0.0 |   351
         Geh:3 |       0 |   25935 |   0.0 |       0 |      46 |   0.0 |   473
         Geh:4 |       0 |   13761 |   0.0 |       0 |      41 |   0.0 |   123
         Geh:5 |       0 |    4058 |   0.0 |       0 |       7 |   0.0 |    39
         Geh:6 |       0 |   23003 |   0.0 |       0 |      25 |   0.0 |   276
         Geh:7 |       0 |  136729 |   0.0 |       0 |     127 |   0.0 |  1459
         Coc:1 |       0 |   11602 |   0.0 |       0 |      17 |   0.0 |   182
         Coc:2 |       0 |   13450 |   0.0 |       0 |      27 |   0.0 |   107
         Coc:3 |       0 |   37305 |   0.0 |       0 |      46 |   0.0 |   315
         Coc:4 |       0 |   50128 |   0.0 |       0 |      66 |   0.0 |   260
         Coc:5 |       0 |   37529 |   0.0 |       0 |      40 |   0.0 |   313
         Coc:6 |       0 |   56114 |   0.0 |       0 |      74 |   0.0 |   171
         Coc:7 |       0 |   81854 |   0.0 |       0 |      67 |   0.0 |   424
         Tar:1 |       0 |    6333 |   0.0 |       0 |       6 |   0.0 |    34
         Tar:2 |       0 |   12463 |   0.0 |       0 |      10 |   0.0 |    56
         Tar:3 |       0 |    1532 |   0.0 |       0 |       2 |   0.0 |    40
         Tar:4 |       0 |   16041 |   0.0 |       0 |      21 |   0.0 |   106
         Tar:6 |       0 |    3887 |   0.0 |       0 |       9 |   0.0 |   115
         Tar:7 |       0 |  168087 |   0.0 |       0 |     149 |   0.0 |  1435
         Zot:1 |   19567 |   86219 |  18.5 |      12 |      52 |  18.8 |  2142
         Zot:2 |    3921 |   57478 |   6.4 |       3 |      33 |   8.3 |   779
         Zot:3 |   11326 |   86070 |  11.6 |       7 |      47 |  13.0 |  1543
         Zot:4 |   17470 |   33603 |  34.2 |       7 |      20 |  25.9 |   829
         Zot:5 |    3121 |   50233 |   5.8 |       1 |      16 |   5.9 |   451
       Abyss:1 |   23535 |   13573 |  63.4 |      21 |       9 |  70.0 |   259
       Abyss:2 |     208 |       0 | 100.0 |       1 |       0 | 100.0 |    52
       Abyss:3 |   91871 |   61066 |  60.1 |     175 |      94 |  65.1 |  1824
       Abyss:4 |    8052 |       0 | 100.0 |      10 |       0 | 100.0 |    95
           Pan |   39330 |  526407 |   7.0 |      63 |     443 |  12.5 |  6846
         Zig:1 |       0 |     444 |   0.0 |       0 |       4 |   0.0 |    23
         Zig:2 |       0 |    3086 |   0.0 |       0 |       2 |   0.0 |    26
         Zig:3 |       0 |    8332 |   0.0 |       0 |       5 |   0.0 |    77
         Zig:4 |       0 |    2608 |   0.0 |       0 |       6 |   0.0 |    42
         Zig:5 |       0 |   11978 |   0.0 |       0 |       5 |   0.0 |    35
         Zig:6 |       0 |    5125 |   0.0 |       0 |       9 |   0.0 |    58
         Zig:7 |       0 |    5460 |   0.0 |       0 |      10 |   0.0 |    76
         Zig:8 |       0 |   11392 |   0.0 |       0 |      13 |   0.0 |   185
         Zig:9 |       0 |   15210 |   0.0 |       0 |      13 |   0.0 |    94
        Zig:10 |       0 |   12075 |   0.0 |       0 |      22 |   0.0 |   154
        Zig:11 |       0 |   20278 |   0.0 |       0 |      14 |   0.0 |   446
        Zig:12 |       0 |   21602 |   0.0 |       0 |      20 |   0.0 |   176
        Zig:13 |       0 |   16377 |   0.0 |       0 |      26 |   0.0 |   177
        Zig:14 |       0 |   29557 |   0.0 |       0 |      35 |   0.0 |   306
        Zig:15 |       0 |   27655 |   0.0 |       0 |      33 |   0.0 |   355
        Zig:16 |       0 |   36256 |   0.0 |       0 |      46 |   0.0 |   417
        Zig:17 |       0 |   46834 |   0.0 |       0 |      35 |   0.0 |   336
           Lab |       0 |    1085 |   0.0 |       0 |       1 |   0.0 |   618
         IceCv |       0 |   13883 |   0.0 |       0 |      55 |   0.0 |  2494
        WizLab |       0 |   15136 |   0.0 |       0 |      49 |   0.0 |   796
               +---------+---------+-------+---------+---------+-------+---------

Vault maps used:
D:1:      lemuel_arrival_river_passageway
D:2:      grunt_ministairs_8
D:3:      st_stairs_5, uniq_jessica
D:4:      overflow_temple_1_default, first_bread, uniq_duvessa
D:5:      cheibrodos_fzero, overflow_temple_1_default,
          nicolae_overflow_crystal_walls, minmay_temple_entry_purple_smoke
D:6:      zin_angel, minmay_misc_feat_room, uniq_crazy_yiuf_cottage,
          uniq_menkaure
D:7:      the_bakery
D:8:      uniq_maurice
D:9:      dpeg_lair_monsters, david_orc_3, uniq_joseph
D:10:     uniq_josephine
D:11:     lightli_church_of_beogh
D:13:     grunt_vaults_entry_tiered, grunt_ministairs_11, minmay_hidden_floor
D:15:     grunt_enter_depths_hoard, trove_entry_hex_spiral,
          kennysheep_flooded_box, lab_entry_generic, spider_trap,
          minmay_misc_feat_tower
Temple:   dpeg_five_rooms_temple
Lair:2:   regret_index_tunnel_blossom, st_stairs_7, minmay_lair_oklob_chamber
Lair:3:   minmay_shoals_entry_beasts, beast_lair_carwin_4
Lair:4:   beast_lair_carwin_large_1, guppyfry_snake_entry_island
Lair:5:   portal_ice_cave_entry_ice_beasts, grunt_megastairs_3
Lair:6:   minmay_lair_end_frog_pond, dpeg_slime_entry_corner, basic_altar
Shoals:1: serial_shops, shop
Shoals:2: nicolae_shoals_arrival_archipelago, uniq_polyphemus, uniq_jorgrun
Shoals:3: uniq_roxanne
Shoals:4: shoals_end_simple, shoal_ilsuiw, yaktaur_hedge
Snake:2:  uniq_saint_roka
Snake:3:  grunt_ministairs_2, uniq_azrael, uniq_aizul, uniq_bai_suzhen
Snake:4:  snake_pit, serial_bayou_pond_a, uniq_agnes, uniq_nikola, uniq_vashnia
Slime:1:  basic_altar, nicolae_slime_barrier
Slime:4:  nicolae_slime_round_cave
Orc:1:    basic_altar, serial_shops, shop_coins
Orc:2:    st_orc_mages
Elf:1:    minmay_elf_arrival_circle, nicolae_elf_big_sculpture_3
Elf:2:    serial_shops, shop
Elf:3:    minmay_elf_hall_statues, special_room, serial_shops,
          nicolae_shop_temple_entry_statues_fountains, shop, shop
Vaults:1: hangedman_vaults_slither, vaults_standard_mumra_enter_the_diamond,
          nicolae_vaults_shelves_hall, grunt_vaults_focal,
          hangedman_vaults_restitches, hangedman_vaults_trim,
          grunt_vaults_funnel, nicolae_vaults_diagonal_hallway_6, v_misc_25,
          v_misc_18, v_misc_8, serial_shops, nicolae_shop_overgrown_old_shop
Vaults:2: nicolae_vaults_quartermaster, v_misc_29,
          nicolae_vaults_sealed_display, v_pattern_5, vaults_dpeg_spiral,
          nicolae_vaults_windows_and_doors_thing, ontoclasm_vaults_chip,
          uniq_mara, uniq_xtahua
Vaults:3: grunt_vaults_hallway_short, vaults_dpeg_doors,
          minmay_crypt_entry_nasty_monster, hangedman_vaults_trim,
          vaults_mumra_hexcomb, v_pattern_3, nicolae_vaults_circle_grid_a,
          ontoclasm_vaults_shuriken, st_check, ontoclasm_vaults_bender,
          vaults_room_fours, uniq_margery
Vaults:4: v_misc_33, dpeg_vaults_monster_box, v_misc_3,
          nicolae_vaults_mini_display_case, ontoclasm_vaults_eye,
          nicolae_vaults_little_squares_3, v_alt_pattern_6,
          ontoclasm_vaults_decontamination, grunt_vaults_hallway_short,
          v_misc_19
Crypt:1:  lemuel_dead_fish_pool, grunt_megastairs_4
Crypt:2:  st_stairs_10, minmay_strange_pillars, minicrypt_bobbens
Crypt:3:  lightli_unholy_cathedral, tomb_entry_simple_bobbens
Tomb:2:   uniq_boris, uniq_khufu
Depths:1: minmay_room_of_horrors, lemuel_crystal_altar, mu_enter_wizlab_2,
          hell_entry, minmay_misc_feat_five, hangedman_devilish_allure
Depths:2: gammafunk_jiyva_shrine, enter_ziggurat_f,
          grunt_hell_entry_demonic_statue, abyss_entry, pan_entry,
          roderic_lattice_a, st_stairs_6, uniq_enchantress
Depths:3: cheibrodos_cascadia, pan_entry, pf_coc_iceberg,
          abyss_entry_flame_altar, infiniplex_staircase_pillars_3b,
          kennysheep_random_hallway, minmay_shop_grove, serial_bayou_shore_b,
          uniq_frederick
Depths:4: giant_chief_lemuel, abyss_entry_small_statue_room, hell_entry,
          rand_demon_pan_entry_3, fountainhead, kennysheep_dice,
          infiniplex_staircase_split_hallway
Depths:5: grunt_twist_and_shout, abyss_entry, hex_tiny,
          grunt_hell_entry_dis_grunt, basic_stair_grate_trap
Dis:7:    iron_city_of_dis, nrook_loot_triangle
Geh:4:    evilmike_ambush
Geh:6:    grunt_megastairs_1
Geh:7:    geh_hangedman
Coc:7:    coc_dpeg
Tar:1:    nicolae_tar_fractal_crypt
Tar:2:    nicolae_tar_cuneiform_two
Tar:7:    tar_mu
Zot:1:    zot_minivault_4
Zot:2:    hangedman_zot_gyre
Zot:3:    grunt_ministairs_14
Zot:4:    st_stairs_5, uniq_tiamat
Zot:5:    st_stairs_11
Abyss:3:  minivault_5, hangedman_decor_peaks_small, minivault_28,
          serial_sigils_hangedman_gut, nicolae_abyss_rune_star_stuff
Abyss:4:  abyss_exit_lava, hangedman_abyss_overflow_altar
Pan:      rand_demon_2, evilmike_mini_pan_pillars_b, pan_blood_fountain,
          evilmike_mini_pan_branches, grunt_pan_sceptre,
          evilmike_mini_pan_pillars, nicolae_pan_sigil_itan,
          nicolae_pan_cerebovesque_4, evilmike_holy_pan,
          regret_index_pan_draining_boxed, nicolae_pan_glass_arcs,
          pan_blood_fountain_small, grunt_pan_spiral, rand_demon_4,
          nicolae_pan_mnolegish_4, rand_demon_2, evilmike_mini_pan_pillars_b,
          evilmike_mini_pan_other_thingy, evilmike_mini_pan_pillars,
          nicolae_pan_sigil_uleosi, nicolae_pan_lom_lobonic_2,
          evilmike_mini_pan_layers, rand_demon_8, rand_demon_8,
          reaverb_pan_chaos_star, nicolae_pan_mnolegish_3,
          nicolae_pan_sick_transit, cerebov_st, pan_blood_fountain_2,
          rand_demon_1, gammafunk_dig_for_victory, pan_blood_fountain_small,
          grunt_pan_frozen_over, evilmike_mnoleg_eyes, gloorx_vloq_st,
          pan_captured_pigsty, lom_lobon_spiral_st, rand_demon_9
Zig:14:   ziggurat_pillar_centre_dead_trees
Zig:17:   ziggurat_pillar_centre_c
Lab:      labyrinth_mini_lab, nicolae_lab_statue, nicolae_lab_stuck,
          nicolae_lab_blocks, nicolae_lab_grate_2, labyrinth_skeletal_remains,
          nicolae_lab_hexagon
Trove:    trove_simple
IceCv:    ice_cave_caverns_01
WizLab:   wizlab_cloud
